 Dungeon Crawl Stone Soup version 0.30-a0-170-g85af917532 (webtiles) character file.

Game seed: 4756399595956216983

352 qw the Chopper (level 6, 1/1 HPs)
             Began as a Gargoyle Fighter on Sept 30, 2022.
             Quit the game on level 4 of the Dungeon.
             The game lasted 00:31:34 (30929 turns).

qw the Chopper (Gargoyle Fighter)                  Turns: 30929, Time: 00:31:35

Health: 1/1        AC: 13    Str: 21    XL:     6   Next: 61%
Magic:  6/6        EV:  9    Int:  9    God:
Gold:   126        SH:  4    Dex:  9    Spells: 5/5 levels left

rFire   . . .      SeeInvis .    Y - +1 war axe
rCold   . . .      Faith    .    c - +0 buckler
rNeg    + . .      Spirit   .    b - +0 scale mail
rPois   inf        Reflect  .    f - +0 helmet
rElec   +          Harm     .    (no cloak)
rCorr   .          Rampage  .    h - +0 pair of gloves
Will    .....                    (no boots)
Stlth   ..........               (no amulet)
HPRegen 0.01/turn                (no ring)
MPRegen 0.10/turn                (no ring)

@: no status effects
A: sickness immunity, AC +4, negative energy resistance 1, electricity
resistance, torment resistance 1, petrification resistance
a: no special abilities


You were on level 4 of the Dungeon.
You visited 1 branch of the dungeon, and saw 4 of its levels.

You collected 126 gold pieces.


Innate Abilities, Weirdness & Mutations

You are immune to sickness and miasma.
Your stone body is resilient. (AC +4)
You are immune to poison.
You resist negative energy. (rN+)
You are resistant to electric shocks. (rElec)
You are resistant to unholy torment.
You are immune to petrification.


   Skills:
 - Level 4.2 Fighting
 + Level 5.5 Axes
 - Level 3.2 Armour
 - Level 1.0 Dodging
 - Level 3.2 Shields


You had 5 spell levels left.
You didn't know any spells.
Your spell library was empty.

Inventory:

Hand Weapons
 k - a +0 morningstar
 Y - a +1 war axe (weapon)
Missiles
 a - a boomerang (quivered)
Armour
 b - a +0 scale mail (worn)
 c - a +0 buckler (worn)
 f - a +0 helmet (worn)
 h - a +0 pair of gloves (worn)
Jewellery
 l - a ring of ice
Scrolls
 n - a scroll of identify
Potions
 d - 2 potions of might
 e - 2 potions of haste
 g - a potion of curing {unknown}
 i - a potion of flight {unknown}
 j - a potion of heal wounds {unknown}
 m - a potion of lignification {unknown}
 o - a potion of mutation {unknown}

Dungeon Overview and Level Annotations

Branches:
Dungeon (4/15)
 Temple: D:4-7

Altars:
Okawaru
Qazlal

Shops:
D:1 :


Message History

The goblin closely misses you. The goblin hits you but does no damage.
30759 ||| FLEEEEING.
The goblin completely misses you.
30760 ||| FLEEEEING.
The goblin hits you but does no damage.
30780 ||| FLEEEEING.
The goblin hits you but does no damage.
30800 ||| FLEEEEING.
The goblin barely misses you. You block the goblin's attack.
30821 ||| FLEEEEING.
The goblin hits you but does no damage.
30822 ||| FLEEEEING.
Zot has nearly found you.
Suffering is imminent.
Descend or flee this branch!
The goblin closely misses you. The goblin misses you.
The goblin hits you but does no damage.
30844 ||| FLEEEEING.
The goblin hits you but does no damage.
30845 ||| FLEEEEING.
The goblin hits you but does no damage.
30846 ||| FLEEEEING.
The goblin barely misses you. The goblin hits you but does no damage.
30867 ||| FLEEEEING.
The goblin hits you but does no damage.
30868 ||| FLEEEEING.
The goblin barely misses you. The goblin closely misses you.
The goblin hits you but does no damage.
30890 ||| FLEEEEING.
The goblin barely misses you.
30891 ||| FLEEEEING.
The goblin closely misses you.
30892 ||| FLEEEEING.
The goblin hits you but does no damage.
30912 ||| FLEEEEING.
Zot's power touches on you...
Are you sure you want to abandon this character and quit the game? (Confirm with "yes".)

###................###.........
#.................## #.........
#.................# #.........
#.......>........## #(.........
#................# #..........
#................# #.....%....
##..............## ...........
###.(..........# .......
##.........@## .....
###....###.# .... #######..#
##. #####.####### #.
##.....~g~...# #......~~~.8.#
#..........8_8# #.......~~~.8.#
#.#.....~g~...#


There were no monsters in sight!

Vanquished Creatures
  A scorpion (D:3)
  A hound (D:4)
  Jessica (D:2)
  Natasha (thrice) (D:3)
  An iguana (D:4)
  4 adders
  A white imp (D:4)
  2 worms (D:2)
  4 dart slugs
  7 orcs
  9 ball pythons
  4 bats
  5 endoplasms (D:1)
  5 giant cockroaches
  4 goblins
  8 hobgoblins
  2 kobolds
  3 quokkas
  2 frilled lizards
  8 rats
75 creatures vanquished.

Notes
Turn   | Place    | Note
-------+----------+-------------------------------------------
     0 | D:1      | qw the Gargoyle Fighter began the quest for the Orb.
     0 | D:1      | Reached XP level 1. HP: 14/14 MP: 1/1
     0 | D:1      | 0 ||| qw: Version: 0.2-a-13-gfc7b4b4
     0 | D:1      | 0 ||| qw: Game counter: 1697
     0 | D:1      | 0 ||| qw: Always use a shield: true
     0 | D:1      | 0 ||| qw: God list: Okawaru
     0 | D:1      | 0 ||| qw: Allow faded altars: false
     0 | D:1      | 0 ||| qw: Do Orc after D:15 true
     0 | D:1      | 0 ||| qw: Do second Lair branch before Depths: true
     0 | D:1      | 0 ||| qw: Lair rune preference: random
     0 | D:1      | 0 ||| qw: Plans: Normal, Zot:1-4, God:TSO, Crypt, Tomb,
                  | Pan, Slime:5, Hells, Abyss, Orb
     0 | D:1      | 0 ||| PLANNING D:1-11
     3 | D:1      | 3 ||| Stepping ~*~*~tactically~*~*~ (stealth).
     5 | D:1      | 5 ||| Stepping ~*~*~tactically~*~*~ (stealth).
     6 | D:1      | 6 ||| Stepping ~*~*~tactically~*~*~ (stealth).
    12 | D:1      | Reached skill level 2 in Axes
    76 | D:1      | Reached XP level 2. HP: 15/19 MP: 2/2
   153 | D:1      | 153 ||| Stepping ~*~*~tactically~*~*~ (stealth).
   155 | D:1      | 155 ||| Stepping ~*~*~tactically~*~*~ (stealth).
   160 | D:1      | 160 ||| Stepping ~*~*~tactically~*~*~ (stealth).
   241 | D:1      | 241 ||| Stepping ~*~*~tactically~*~*~ (stealth).
   325 | D:1      | Reached skill level 3 in Axes
   405 | D:1      | Found a faded altar of an unknown god.
   486 | D:1      | Reached XP level 3. HP: 23/23 MP: 3/3
   550 | D:1      | 550 ||| Stepping ~*~*~tactically~*~*~ (stealth).
   634 | D:1      | Found Tuoj's Book Shoppe.
   695 | D:1      | 695 ||| UPGRADING to +0 helmet.
   700 | D:1      | 700 ||| UPGRADING to +0 pair of gloves.
   705 | D:1      | 705 ||| READING scroll labelled EQINGUNLUD.
   706 | D:1      | 706 ||| READING scroll labelled YSHICKAPAMP.
   707 | D:1      | 707 ||| READING 3 scrolls labelled NAPSYU HIMATHRA.
   708 | D:1      | 708 ||| DROPPING 2 scrolls of blinking.
   799 | D:2      | Noticed Jessica
   809 | D:2      | Killed Jessica
   810 | D:2      | Reached skill level 4 in Axes
   810 | D:2      | Reached XP level 4. HP: 15/28 MP: 4/4
   810 | D:2      | 810 ||| FLEEEEING.
   811 | D:2      | 811 ||| FLEEEEING.
   812 | D:2      | 812 ||| FLEEEEING.
   813 | D:2      | 813 ||| FLEEEEING.
   814 | D:2      | 814 ||| FLEEEEING.
   815 | D:2      | 815 ||| FLEEEEING.
   816 | D:2      | 816 ||| FLEEEEING.
   817 | D:2      | 817 ||| FLEEEEING.
   818 | D:2      | 818 ||| STAIRDANCE
   951 | D:1      | 951 ||| READING scroll labelled WURRABRUHEO.
   952 | D:1      | 952 ||| READING scroll labelled FYSCHU WAAMEHA.
  1024 | D:2      | 1024 ||| Stepping ~*~*~tactically~*~*~ (stealth).
  1025 | D:2      | 1025 ||| Stepping ~*~*~tactically~*~*~ (stealth).
  1029 | D:2      | 1029 ||| Stepping ~*~*~tactically~*~*~ (stealth).
  1099 | D:2      | 1099 ||| DROPPING +0 club.
  1394 | D:2      | 1394 ||| READING scroll labelled NAMYZX IGOQE.
  1403 | D:3      | Found a stormy altar of Qazlal.
  1416 | D:3      | 1416 ||| Stepping ~*~*~tactically~*~*~ (stealth).
  1480 | D:3      | Reached XP level 5. HP: 32/32 MP: 5/5
  1582 | D:3      | Reached skill level 5 in Axes
  1642 | D:3      | Noticed Natasha
  1648 | D:3      | Killed Natasha
  1950 | D:3      | Noticed Natasha
  1961 | D:3      | Killed Natasha
  1962 | D:3      | Reached XP level 6. HP: 26/38 MP: 6/6
  1990 | D:3      | Noticed Natasha
  1992 | D:3      | Killed Natasha
  2103 | D:3      | Reached skill level 1 in Dodging
  2160 | D:3      | 2160 ||| DRINKING 2 golden potions.
  2235 | D:4      | 2235 ||| Stepping ~*~*~tactically~*~*~ (stealth).
  2237 | D:4      | 2237 ||| Stepping ~*~*~tactically~*~*~ (stealth).
  2240 | D:4      | 2240 ||| Stepping ~*~*~tactically~*~*~ (hiding).
  2660 | D:4      | Found an iron altar of Okawaru.
  2661 | D:4      | 2661 ||| PLANNING OKAWARU WORSHIP
  2661 | D:4      | 2661 ||| FLEEEEING.
  2682 | D:4      | 2682 ||| FLEEEEING.
  2683 | D:4      | 2683 ||| FLEEEEING.
  2703 | D:4      | 2703 ||| FLEEEEING.
  2723 | D:4      | 2723 ||| FLEEEEING.
  2751 | D:4      | 2751 ||| FLEEEEING.
  2752 | D:4      | 2752 ||| FLEEEEING.
  2792 | D:4      | 2792 ||| FLEEEEING.
  2813 | D:4      | 2813 ||| FLEEEEING.
  2814 | D:4      | 2814 ||| FLEEEEING.
  2834 | D:4      | 2834 ||| FLEEEEING.
  2854 | D:4      | 2854 ||| FLEEEEING.
  2874 | D:4      | 2874 ||| FLEEEEING.
  2894 | D:4      | 2894 ||| FLEEEEING.
  2914 | D:4      | 2914 ||| FLEEEEING.
  2934 | D:4      | 2934 ||| FLEEEEING.
  2954 | D:4      | 2954 ||| FLEEEEING.
  2975 | D:4      | 2975 ||| FLEEEEING.
  2976 | D:4      | 2976 ||| FLEEEEING.
  3000 | D:4      | 3000 ||| FLEEEEING.
  3022 | D:4      | 3022 ||| FLEEEEING.
  3023 | D:4      | 3023 ||| FLEEEEING.
  3024 | D:4      | 3024 ||| FLEEEEING.
  3044 | D:4      | 3044 ||| FLEEEEING.
  3065 | D:4      | 3065 ||| FLEEEEING.
  3066 | D:4      | 3066 ||| FLEEEEING.
  3100 | D:4      | 3100 ||| FLEEEEING.
  3120 | D:4      | 3120 ||| FLEEEEING.
  3144 | D:4      | 3144 ||| FLEEEEING.
  3145 | D:4      | 3145 ||| FLEEEEING.
  3146 | D:4      | 3146 ||| FLEEEEING.
  3147 | D:4      | 3147 ||| FLEEEEING.
  3148 | D:4      | 3148 ||| FLEEEEING.
  3168 | D:4      | 3168 ||| FLEEEEING.
  3201 | D:4      | 3201 ||| FLEEEEING.
  3202 | D:4      | 3202 ||| FLEEEEING.
  3224 | D:4      | 3224 ||| FLEEEEING.
  3225 | D:4      | 3225 ||| FLEEEEING.
  3226 | D:4      | 3226 ||| FLEEEEING.
  3247 | D:4      | 3247 ||| FLEEEEING.
  3248 | D:4      | 3248 ||| FLEEEEING.
  3275 | D:4      | 3275 ||| FLEEEEING.
  3295 | D:4      | 3295 ||| FLEEEEING.
  3315 | D:4      | 3315 ||| FLEEEEING.
  3335 | D:4      | 3335 ||| FLEEEEING.
  3355 | D:4      | 3355 ||| FLEEEEING.
  3377 | D:4      | 3377 ||| FLEEEEING.
  3378 | D:4      | 3378 ||| FLEEEEING.
  3379 | D:4      | 3379 ||| FLEEEEING.
  3399 | D:4      | 3399 ||| FLEEEEING.
  3419 | D:4      | 3419 ||| FLEEEEING.
  3439 | D:4      | 3439 ||| FLEEEEING.
  3460 | D:4      | 3460 ||| FLEEEEING.
  3461 | D:4      | 3461 ||| FLEEEEING.
  3481 | D:4      | 3481 ||| FLEEEEING.
  3502 | D:4      | 3502 ||| FLEEEEING.
  3503 | D:4      | 3503 ||| FLEEEEING.
  3523 | D:4      | 3523 ||| FLEEEEING.
  3545 | D:4      | 3545 ||| FLEEEEING.
  3546 | D:4      | 3546 ||| FLEEEEING.
  3547 | D:4      | 3547 ||| FLEEEEING.
  3578 | D:4      | 3578 ||| FLEEEEING.
  3579 | D:4      | 3579 ||| FLEEEEING.
  3580 | D:4      | 3580 ||| FLEEEEING.
  3581 | D:4      | 3581 ||| FLEEEEING.
  3601 | D:4      | 3601 ||| FLEEEEING.
  3634 | D:4      | 3634 ||| FLEEEEING.
  3656 | D:4      | 3656 ||| FLEEEEING.
  3657 | D:4      | 3657 ||| FLEEEEING.
  3658 | D:4      | 3658 ||| FLEEEEING.
  3678 | D:4      | 3678 ||| FLEEEEING.
  3698 | D:4      | 3698 ||| FLEEEEING.
  3718 | D:4      | 3718 ||| FLEEEEING.
  3739 | D:4      | 3739 ||| FLEEEEING.
  3740 | D:4      | 3740 ||| FLEEEEING.
  3761 | D:4      | 3761 ||| FLEEEEING.
  3762 | D:4      | 3762 ||| FLEEEEING.
  3782 | D:4      | 3782 ||| FLEEEEING.
  3804 | D:4      | 3804 ||| FLEEEEING.
  3805 | D:4      | 3805 ||| FLEEEEING.
  3806 | D:4      | 3806 ||| FLEEEEING.
  3826 | D:4      | 3826 ||| FLEEEEING.
  3846 | D:4      | 3846 ||| FLEEEEING.
  3866 | D:4      | 3866 ||| FLEEEEING.
  3886 | D:4      | 3886 ||| FLEEEEING.
  3906 | D:4      | 3906 ||| FLEEEEING.
  3926 | D:4      | 3926 ||| FLEEEEING.
  3951 | D:4      | 3951 ||| FLEEEEING.
  3952 | D:4      | 3952 ||| FLEEEEING.
  3972 | D:4      | 3972 ||| FLEEEEING.
  4011 | D:4      | 4011 ||| FLEEEEING.
  4012 | D:4      | 4012 ||| FLEEEEING.
  4013 | D:4      | 4013 ||| FLEEEEING.
  4033 | D:4      | 4033 ||| FLEEEEING.
  4053 | D:4      | 4053 ||| FLEEEEING.
  4076 | D:4      | 4076 ||| FLEEEEING.
  4077 | D:4      | 4077 ||| FLEEEEING.
  4078 | D:4      | 4078 ||| FLEEEEING.
  4079 | D:4      | 4079 ||| FLEEEEING.
  4099 | D:4      | 4099 ||| FLEEEEING.
  4119 | D:4      | 4119 ||| FLEEEEING.
  4140 | D:4      | 4140 ||| FLEEEEING.
  4141 | D:4      | 4141 ||| FLEEEEING.
  4164 | D:4      | 4164 ||| FLEEEEING.
  4165 | D:4      | 4165 ||| FLEEEEING.
  4166 | D:4      | 4166 ||| FLEEEEING.
  4167 | D:4      | 4167 ||| FLEEEEING.
  4188 | D:4      | 4188 ||| FLEEEEING.
  4189 | D:4      | 4189 ||| FLEEEEING.
  4209 | D:4      | 4209 ||| FLEEEEING.
  4229 | D:4      | 4229 ||| FLEEEEING.
  4249 | D:4      | 4249 ||| FLEEEEING.
  4269 | D:4      | 4269 ||| FLEEEEING.
  4300 | D:4      | 4300 ||| FLEEEEING.
  4320 | D:4      | 4320 ||| FLEEEEING.
  4341 | D:4      | 4341 ||| FLEEEEING.
  4342 | D:4      | 4342 ||| FLEEEEING.
  4362 | D:4      | 4362 ||| FLEEEEING.
  4382 | D:4      | 4382 ||| FLEEEEING.
  4402 | D:4      | 4402 ||| FLEEEEING.
  4422 | D:4      | 4422 ||| FLEEEEING.
  4442 | D:4      | 4442 ||| FLEEEEING.
  4462 | D:4      | 4462 ||| FLEEEEING.
  4482 | D:4      | 4482 ||| FLEEEEING.
  4502 | D:4      | 4502 ||| FLEEEEING.
  4522 | D:4      | 4522 ||| FLEEEEING.
  4544 | D:4      | 4544 ||| FLEEEEING.
  4545 | D:4      | 4545 ||| FLEEEEING.
  4546 | D:4      | 4546 ||| FLEEEEING.
  4566 | D:4      | 4566 ||| FLEEEEING.
  4587 | D:4      | 4587 ||| FLEEEEING.
  4588 | D:4      | 4588 ||| FLEEEEING.
  4609 | D:4      | 4609 ||| FLEEEEING.
  4610 | D:4      | 4610 ||| FLEEEEING.
  4630 | D:4      | 4630 ||| FLEEEEING.
  4650 | D:4      | 4650 ||| FLEEEEING.
  4671 | D:4      | 4671 ||| FLEEEEING.
  4672 | D:4      | 4672 ||| FLEEEEING.
  4692 | D:4      | 4692 ||| FLEEEEING.
  4715 | D:4      | 4715 ||| FLEEEEING.
  4716 | D:4      | 4716 ||| FLEEEEING.
  4717 | D:4      | 4717 ||| FLEEEEING.
  4718 | D:4      | 4718 ||| FLEEEEING.
  4742 | D:4      | 4742 ||| FLEEEEING.
  4763 | D:4      | 4763 ||| FLEEEEING.
  4764 | D:4      | 4764 ||| FLEEEEING.
  4811 | D:4      | 4811 ||| FLEEEEING.
  4812 | D:4      | 4812 ||| FLEEEEING.
  4813 | D:4      | 4813 ||| FLEEEEING.
  4835 | D:4      | 4835 ||| FLEEEEING.
  4836 | D:4      | 4836 ||| FLEEEEING.
  4837 | D:4      | 4837 ||| FLEEEEING.
  4857 | D:4      | 4857 ||| FLEEEEING.
  4877 | D:4      | 4877 ||| FLEEEEING.
  4897 | D:4      | 4897 ||| FLEEEEING.
  4917 | D:4      | 4917 ||| FLEEEEING.
  4937 | D:4      | 4937 ||| FLEEEEING.
  4959 | D:4      | 4959 ||| FLEEEEING.
  4960 | D:4      | 4960 ||| FLEEEEING.
  4961 | D:4      | 4961 ||| FLEEEEING.
  5000 | D:4      | 5000 ||| FLEEEEING.
  5021 | D:4      | 5021 ||| FLEEEEING.
  5022 | D:4      | 5022 ||| FLEEEEING.
  5050 | D:4      | 5050 ||| FLEEEEING.
  5071 | D:4      | 5071 ||| FLEEEEING.
  5072 | D:4      | 5072 ||| FLEEEEING.
  5142 | D:4      | 5142 ||| FLEEEEING.
  5162 | D:4      | 5162 ||| FLEEEEING.
  5182 | D:4      | 5182 ||| FLEEEEING.
  5202 | D:4      | 5202 ||| FLEEEEING.
  5223 | D:4      | 5223 ||| FLEEEEING.
  5224 | D:4      | 5224 ||| FLEEEEING.
  5244 | D:4      | 5244 ||| FLEEEEING.
  5264 | D:4      | 5264 ||| FLEEEEING.
  5284 | D:4      | 5284 ||| FLEEEEING.
  5317 | D:4      | 5317 ||| FLEEEEING.
  5337 | D:4      | 5337 ||| FLEEEEING.
  5357 | D:4      | 5357 ||| FLEEEEING.
  5378 | D:4      | 5378 ||| FLEEEEING.
  5379 | D:4      | 5379 ||| FLEEEEING.
  5401 | D:4      | 5401 ||| FLEEEEING.
  5402 | D:4      | 5402 ||| FLEEEEING.
  5403 | D:4      | 5403 ||| FLEEEEING.
  5475 | D:4      | 5475 ||| FLEEEEING.
  5496 | D:4      | 5496 ||| FLEEEEING.
  5497 | D:4      | 5497 ||| FLEEEEING.
  5517 | D:4      | 5517 ||| FLEEEEING.
  5550 | D:4      | 5550 ||| FLEEEEING.
  5570 | D:4      | 5570 ||| FLEEEEING.
  5592 | D:4      | 5592 ||| FLEEEEING.
  5613 | D:4      | 5613 ||| FLEEEEING.
  5614 | D:4      | 5614 ||| FLEEEEING.
  5634 | D:4      | 5634 ||| FLEEEEING.
  5654 | D:4      | 5654 ||| FLEEEEING.
  5675 | D:4      | 5675 ||| FLEEEEING.
  5676 | D:4      | 5676 ||| FLEEEEING.
  5696 | D:4      | 5696 ||| FLEEEEING.
  5716 | D:4      | 5716 ||| FLEEEEING.
  5738 | D:4      | 5738 ||| FLEEEEING.
  5739 | D:4      | 5739 ||| FLEEEEING.
  5740 | D:4      | 5740 ||| FLEEEEING.
  5760 | D:4      | 5760 ||| FLEEEEING.
  5780 | D:4      | 5780 ||| FLEEEEING.
  5800 | D:4      | 5800 ||| FLEEEEING.
  5821 | D:4      | 5821 ||| FLEEEEING.
  5822 | D:4      | 5822 ||| FLEEEEING.
  5843 | D:4      | 5843 ||| FLEEEEING.
  5844 | D:4      | 5844 ||| FLEEEEING.
  5864 | D:4      | 5864 ||| FLEEEEING.
  5884 | D:4      | 5884 ||| FLEEEEING.
  5904 | D:4      | 5904 ||| FLEEEEING.
  5924 | D:4      | 5924 ||| FLEEEEING.
  5960 | D:4      | 5960 ||| FLEEEEING.
  5961 | D:4      | 5961 ||| FLEEEEING.
  5982 | D:4      | 5982 ||| FLEEEEING.
  5983 | D:4      | 5983 ||| FLEEEEING.
  6009 | D:4      | 6009 ||| FLEEEEING.
  6042 | D:4      | 6042 ||| FLEEEEING.
  6062 | D:4      | 6062 ||| FLEEEEING.
  6083 | D:4      | 6083 ||| FLEEEEING.
  6084 | D:4      | 6084 ||| FLEEEEING.
  6104 | D:4      | 6104 ||| FLEEEEING.
  6124 | D:4      | 6124 ||| FLEEEEING.
  6144 | D:4      | 6144 ||| FLEEEEING.
  6165 | D:4      | 6165 ||| FLEEEEING.
  6166 | D:4      | 6166 ||| FLEEEEING.
  6186 | D:4      | 6186 ||| FLEEEEING.
  6208 | D:4      | 6208 ||| FLEEEEING.
  6209 | D:4      | 6209 ||| FLEEEEING.
  6210 | D:4      | 6210 ||| FLEEEEING.
  6233 | D:4      | 6233 ||| FLEEEEING.
  6234 | D:4      | 6234 ||| FLEEEEING.
  6235 | D:4      | 6235 ||| FLEEEEING.
  6236 | D:4      | 6236 ||| FLEEEEING.
  6257 | D:4      | 6257 ||| FLEEEEING.
  6258 | D:4      | 6258 ||| FLEEEEING.
  6300 | D:4      | 6300 ||| FLEEEEING.
  6334 | D:4      | 6334 ||| FLEEEEING.
  6354 | D:4      | 6354 ||| FLEEEEING.
  6374 | D:4      | 6374 ||| FLEEEEING.
  6395 | D:4      | 6395 ||| FLEEEEING.
  6396 | D:4      | 6396 ||| FLEEEEING.
  6417 | D:4      | 6417 ||| FLEEEEING.
  6418 | D:4      | 6418 ||| FLEEEEING.
  6439 | D:4      | 6439 ||| FLEEEEING.
  6440 | D:4      | 6440 ||| FLEEEEING.
  6460 | D:4      | 6460 ||| FLEEEEING.
  6481 | D:4      | 6481 ||| FLEEEEING.
  6482 | D:4      | 6482 ||| FLEEEEING.
  6517 | D:4      | 6517 ||| FLEEEEING.
  6537 | D:4      | 6537 ||| FLEEEEING.
  6558 | D:4      | 6558 ||| FLEEEEING.
  6559 | D:4      | 6559 ||| FLEEEEING.
  6579 | D:4      | 6579 ||| FLEEEEING.
  6599 | D:4      | 6599 ||| FLEEEEING.
  6619 | D:4      | 6619 ||| FLEEEEING.
  6639 | D:4      | 6639 ||| FLEEEEING.
  6659 | D:4      | 6659 ||| FLEEEEING.
  6679 | D:4      | 6679 ||| FLEEEEING.
  6699 | D:4      | 6699 ||| FLEEEEING.
  6719 | D:4      | 6719 ||| FLEEEEING.
  6739 | D:4      | 6739 ||| FLEEEEING.
  6759 | D:4      | 6759 ||| FLEEEEING.
  6779 | D:4      | 6779 ||| FLEEEEING.
  6799 | D:4      | 6799 ||| FLEEEEING.
  6819 | D:4      | 6819 ||| FLEEEEING.
  6859 | D:4      | 6859 ||| FLEEEEING.
  6900 | D:4      | 6900 ||| FLEEEEING.
  6922 | D:4      | 6922 ||| FLEEEEING.
  6923 | D:4      | 6923 ||| FLEEEEING.
  6924 | D:4      | 6924 ||| FLEEEEING.
  6944 | D:4      | 6944 ||| FLEEEEING.
  6970 | D:4      | 6970 ||| FLEEEEING.
  6971 | D:4      | 6971 ||| FLEEEEING.
  6972 | D:4      | 6972 ||| FLEEEEING.
  6973 | D:4      | 6973 ||| FLEEEEING.
  6993 | D:4      | 6993 ||| FLEEEEING.
  7013 | D:4      | 7013 ||| FLEEEEING.
  7033 | D:4      | 7033 ||| FLEEEEING.
  7054 | D:4      | 7054 ||| FLEEEEING.
  7055 | D:4      | 7055 ||| FLEEEEING.
  7075 | D:4      | 7075 ||| FLEEEEING.
  7103 | D:4      | 7103 ||| FLEEEEING.
  7104 | D:4      | 7104 ||| FLEEEEING.
  7105 | D:4      | 7105 ||| FLEEEEING.
  7106 | D:4      | 7106 ||| FLEEEEING.
  7144 | D:4      | 7144 ||| FLEEEEING.
  7145 | D:4      | 7145 ||| FLEEEEING.
  7146 | D:4      | 7146 ||| FLEEEEING.
  7166 | D:4      | 7166 ||| FLEEEEING.
  7186 | D:4      | 7186 ||| FLEEEEING.
  7226 | D:4      | 7226 ||| FLEEEEING.
  7227 | D:4      | 7227 ||| FLEEEEING.
  7247 | D:4      | 7247 ||| FLEEEEING.
  7267 | D:4      | 7267 ||| FLEEEEING.
  7309 | D:4      | 7309 ||| FLEEEEING.
  7330 | D:4      | 7330 ||| FLEEEEING.
  7331 | D:4      | 7331 ||| FLEEEEING.
  7352 | D:4      | 7352 ||| FLEEEEING.
  7353 | D:4      | 7353 ||| FLEEEEING.
  7374 | D:4      | 7374 ||| FLEEEEING.
  7375 | D:4      | 7375 ||| FLEEEEING.
  7395 | D:4      | 7395 ||| FLEEEEING.
  7416 | D:4      | 7416 ||| FLEEEEING.
  7417 | D:4      | 7417 ||| FLEEEEING.
  7437 | D:4      | 7437 ||| FLEEEEING.
  7458 | D:4      | 7458 ||| FLEEEEING.
  7459 | D:4      | 7459 ||| FLEEEEING.
  7480 | D:4      | 7480 ||| FLEEEEING.
  7481 | D:4      | 7481 ||| FLEEEEING.
  7501 | D:4      | 7501 ||| FLEEEEING.
  7521 | D:4      | 7521 ||| FLEEEEING.
  7542 | D:4      | 7542 ||| FLEEEEING.
  7543 | D:4      | 7543 ||| FLEEEEING.
  7563 | D:4      | 7563 ||| FLEEEEING.
  7583 | D:4      | 7583 ||| FLEEEEING.
  7603 | D:4      | 7603 ||| FLEEEEING.
  7623 | D:4      | 7623 ||| FLEEEEING.
  7644 | D:4      | 7644 ||| FLEEEEING.
  7645 | D:4      | 7645 ||| FLEEEEING.
  7665 | D:4      | 7665 ||| FLEEEEING.
  7685 | D:4      | 7685 ||| FLEEEEING.
  7705 | D:4      | 7705 ||| FLEEEEING.
  7728 | D:4      | 7728 ||| FLEEEEING.
  7729 | D:4      | 7729 ||| FLEEEEING.
  7730 | D:4      | 7730 ||| FLEEEEING.
  7731 | D:4      | 7731 ||| FLEEEEING.
  7751 | D:4      | 7751 ||| FLEEEEING.
  7771 | D:4      | 7771 ||| FLEEEEING.
  7791 | D:4      | 7791 ||| FLEEEEING.
  7812 | D:4      | 7812 ||| FLEEEEING.
  7813 | D:4      | 7813 ||| FLEEEEING.
  7833 | D:4      | 7833 ||| FLEEEEING.
  7853 | D:4      | 7853 ||| FLEEEEING.
  7873 | D:4      | 7873 ||| FLEEEEING.
  7893 | D:4      | 7893 ||| FLEEEEING.
  7913 | D:4      | 7913 ||| FLEEEEING.
  7933 | D:4      | 7933 ||| FLEEEEING.
  7953 | D:4      | 7953 ||| FLEEEEING.
  7975 | D:4      | 7975 ||| FLEEEEING.
  7995 | D:4      | 7995 ||| FLEEEEING.
  8015 | D:4      | 8015 ||| FLEEEEING.
  8036 | D:4      | 8036 ||| FLEEEEING.
  8037 | D:4      | 8037 ||| FLEEEEING.
  8067 | D:4      | 8067 ||| FLEEEEING.
  8087 | D:4      | 8087 ||| FLEEEEING.
  8108 | D:4      | 8108 ||| FLEEEEING.
  8109 | D:4      | 8109 ||| FLEEEEING.
  8129 | D:4      | 8129 ||| FLEEEEING.
  8149 | D:4      | 8149 ||| FLEEEEING.
  8169 | D:4      | 8169 ||| FLEEEEING.
  8189 | D:4      | 8189 ||| FLEEEEING.
  8209 | D:4      | 8209 ||| FLEEEEING.
  8229 | D:4      | 8229 ||| FLEEEEING.
  8249 | D:4      | 8249 ||| FLEEEEING.
  8269 | D:4      | 8269 ||| FLEEEEING.
  8289 | D:4      | 8289 ||| FLEEEEING.
  8310 | D:4      | 8310 ||| FLEEEEING.
  8311 | D:4      | 8311 ||| FLEEEEING.
  8333 | D:4      | 8333 ||| FLEEEEING.
  8334 | D:4      | 8334 ||| FLEEEEING.
  8335 | D:4      | 8335 ||| FLEEEEING.
  8355 | D:4      | 8355 ||| FLEEEEING.
  8375 | D:4      | 8375 ||| FLEEEEING.
  8395 | D:4      | 8395 ||| FLEEEEING.
  8415 | D:4      | 8415 ||| FLEEEEING.
  8436 | D:4      | 8436 ||| FLEEEEING.
  8437 | D:4      | 8437 ||| FLEEEEING.
  8458 | D:4      | 8458 ||| FLEEEEING.
  8459 | D:4      | 8459 ||| FLEEEEING.
  8479 | D:4      | 8479 ||| FLEEEEING.
  8499 | D:4      | 8499 ||| FLEEEEING.
  8520 | D:4      | 8520 ||| FLEEEEING.
  8521 | D:4      | 8521 ||| FLEEEEING.
  8541 | D:4      | 8541 ||| FLEEEEING.
  8584 | D:4      | 8584 ||| FLEEEEING.
  8604 | D:4      | 8604 ||| FLEEEEING.
  8624 | D:4      | 8624 ||| FLEEEEING.
  8644 | D:4      | 8644 ||| FLEEEEING.
  8665 | D:4      | 8665 ||| FLEEEEING.
  8666 | D:4      | 8666 ||| FLEEEEING.
  8686 | D:4      | 8686 ||| FLEEEEING.
  8706 | D:4      | 8706 ||| FLEEEEING.
  8726 | D:4      | 8726 ||| FLEEEEING.
  8747 | D:4      | 8747 ||| FLEEEEING.
  8748 | D:4      | 8748 ||| FLEEEEING.
  8768 | D:4      | 8768 ||| FLEEEEING.
  8810 | D:4      | 8810 ||| FLEEEEING.
  8811 | D:4      | 8811 ||| FLEEEEING.
  8832 | D:4      | 8832 ||| FLEEEEING.
  8833 | D:4      | 8833 ||| FLEEEEING.
  8853 | D:4      | 8853 ||| FLEEEEING.
  8876 | D:4      | 8876 ||| FLEEEEING.
  8877 | D:4      | 8877 ||| FLEEEEING.
  8878 | D:4      | 8878 ||| FLEEEEING.
  8879 | D:4      | 8879 ||| FLEEEEING.
  8899 | D:4      | 8899 ||| FLEEEEING.
  8919 | D:4      | 8919 ||| FLEEEEING.
  8939 | D:4      | 8939 ||| FLEEEEING.
  8959 | D:4      | 8959 ||| FLEEEEING.
  8980 | D:4      | 8980 ||| FLEEEEING.
  8981 | D:4      | 8981 ||| FLEEEEING.
  9001 | D:4      | 9001 ||| FLEEEEING.
  9021 | D:4      | 9021 ||| FLEEEEING.
  9041 | D:4      | 9041 ||| FLEEEEING.
  9061 | D:4      | 9061 ||| FLEEEEING.
  9081 | D:4      | 9081 ||| FLEEEEING.
  9101 | D:4      | 9101 ||| FLEEEEING.
  9121 | D:4      | 9121 ||| FLEEEEING.
  9141 | D:4      | 9141 ||| FLEEEEING.
  9161 | D:4      | 9161 ||| FLEEEEING.
  9182 | D:4      | 9182 ||| FLEEEEING.
  9183 | D:4      | 9183 ||| FLEEEEING.
  9203 | D:4      | 9203 ||| FLEEEEING.
  9223 | D:4      | 9223 ||| FLEEEEING.
  9243 | D:4      | 9243 ||| FLEEEEING.
  9263 | D:4      | 9263 ||| FLEEEEING.
  9300 | D:4      | 9300 ||| FLEEEEING.
  9320 | D:4      | 9320 ||| FLEEEEING.
  9340 | D:4      | 9340 ||| FLEEEEING.
  9384 | D:4      | 9384 ||| FLEEEEING.
  9410 | D:4      | 9410 ||| FLEEEEING.
  9411 | D:4      | 9411 ||| FLEEEEING.
  9450 | D:4      | 9450 ||| FLEEEEING.
  9470 | D:4      | 9470 ||| FLEEEEING.
  9499 | D:4      | 9499 ||| FLEEEEING.
  9520 | D:4      | 9520 ||| FLEEEEING.
  9521 | D:4      | 9521 ||| FLEEEEING.
  9541 | D:4      | 9541 ||| FLEEEEING.
  9561 | D:4      | 9561 ||| FLEEEEING.
  9581 | D:4      | 9581 ||| FLEEEEING.
  9601 | D:4      | 9601 ||| FLEEEEING.
  9621 | D:4      | 9621 ||| FLEEEEING.
  9641 | D:4      | 9641 ||| FLEEEEING.
  9661 | D:4      | 9661 ||| FLEEEEING.
  9681 | D:4      | 9681 ||| FLEEEEING.
  9701 | D:4      | 9701 ||| FLEEEEING.
  9721 | D:4      | 9721 ||| FLEEEEING.
  9742 | D:4      | 9742 ||| FLEEEEING.
  9743 | D:4      | 9743 ||| FLEEEEING.
  9763 | D:4      | 9763 ||| FLEEEEING.
  9784 | D:4      | 9784 ||| FLEEEEING.
  9785 | D:4      | 9785 ||| FLEEEEING.
  9805 | D:4      | 9805 ||| FLEEEEING.
  9825 | D:4      | 9825 ||| FLEEEEING.
  9845 | D:4      | 9845 ||| FLEEEEING.
  9865 | D:4      | 9865 ||| FLEEEEING.
  9885 | D:4      | 9885 ||| FLEEEEING.
  9905 | D:4      | 9905 ||| FLEEEEING.
  9925 | D:4      | 9925 ||| FLEEEEING.
  9945 | D:4      | 9945 ||| FLEEEEING.
  9965 | D:4      | 9965 ||| FLEEEEING.
  9985 | D:4      | 9985 ||| FLEEEEING.
 10005 | D:4      | 10005 ||| FLEEEEING.
 10025 | D:4      | 10025 ||| FLEEEEING.
 10045 | D:4      | 10045 ||| FLEEEEING.
 10065 | D:4      | 10065 ||| FLEEEEING.
 10085 | D:4      | 10085 ||| FLEEEEING.
 10105 | D:4      | 10105 ||| FLEEEEING.
 10125 | D:4      | 10125 ||| FLEEEEING.
 10146 | D:4      | 10146 ||| FLEEEEING.
 10147 | D:4      | 10147 ||| FLEEEEING.
 10167 | D:4      | 10167 ||| FLEEEEING.
 10209 | D:4      | 10209 ||| FLEEEEING.
 10210 | D:4      | 10210 ||| FLEEEEING.
 10230 | D:4      | 10230 ||| FLEEEEING.
 10250 | D:4      | 10250 ||| FLEEEEING.
 10270 | D:4      | 10270 ||| FLEEEEING.
 10290 | D:4      | 10290 ||| FLEEEEING.
 10310 | D:4      | 10310 ||| FLEEEEING.
 10330 | D:4      | 10330 ||| FLEEEEING.
 10358 | D:4      | 10358 ||| FLEEEEING.
 10378 | D:4      | 10378 ||| FLEEEEING.
 10398 | D:4      | 10398 ||| FLEEEEING.
 10420 | D:4      | 10420 ||| FLEEEEING.
 10421 | D:4      | 10421 ||| FLEEEEING.
 10422 | D:4      | 10422 ||| FLEEEEING.
 10442 | D:4      | 10442 ||| FLEEEEING.
 10462 | D:4      | 10462 ||| FLEEEEING.
 10484 | D:4      | 10484 ||| FLEEEEING.
 10485 | D:4      | 10485 ||| FLEEEEING.
 10486 | D:4      | 10486 ||| FLEEEEING.
 10506 | D:4      | 10506 ||| FLEEEEING.
 10526 | D:4      | 10526 ||| FLEEEEING.
 10546 | D:4      | 10546 ||| FLEEEEING.
 10566 | D:4      | 10566 ||| FLEEEEING.
 10586 | D:4      | 10586 ||| FLEEEEING.
 10606 | D:4      | 10606 ||| FLEEEEING.
 10626 | D:4      | 10626 ||| FLEEEEING.
 10646 | D:4      | 10646 ||| FLEEEEING.
 10666 | D:4      | 10666 ||| FLEEEEING.
 10686 | D:4      | 10686 ||| FLEEEEING.
 10706 | D:4      | 10706 ||| FLEEEEING.
 10726 | D:4      | 10726 ||| FLEEEEING.
 10746 | D:4      | 10746 ||| FLEEEEING.
 10766 | D:4      | 10766 ||| FLEEEEING.
 10786 | D:4      | 10786 ||| FLEEEEING.
 10807 | D:4      | 10807 ||| FLEEEEING.
 10808 | D:4      | 10808 ||| FLEEEEING.
 10849 | D:4      | 10849 ||| FLEEEEING.
 10875 | D:4      | 10875 ||| FLEEEEING.
 10876 | D:4      | 10876 ||| FLEEEEING.
 10898 | D:4      | 10898 ||| FLEEEEING.
 10899 | D:4      | 10899 ||| FLEEEEING.
 10900 | D:4      | 10900 ||| FLEEEEING.
 10924 | D:4      | 10924 ||| FLEEEEING.
 10949 | D:4      | 10949 ||| FLEEEEING.
 10969 | D:4      | 10969 ||| FLEEEEING.
 10991 | D:4      | 10991 ||| FLEEEEING.
 11011 | D:4      | 11011 ||| FLEEEEING.
 11031 | D:4      | 11031 ||| FLEEEEING.
 11051 | D:4      | 11051 ||| FLEEEEING.
 11073 | D:4      | 11073 ||| FLEEEEING.
 11074 | D:4      | 11074 ||| FLEEEEING.
 11075 | D:4      | 11075 ||| FLEEEEING.
 11096 | D:4      | 11096 ||| FLEEEEING.
 11097 | D:4      | 11097 ||| FLEEEEING.
 11117 | D:4      | 11117 ||| FLEEEEING.
 11137 | D:4      | 11137 ||| FLEEEEING.
 11157 | D:4      | 11157 ||| FLEEEEING.
 11177 | D:4      | 11177 ||| FLEEEEING.
 11197 | D:4      | 11197 ||| FLEEEEING.
 11217 | D:4      | 11217 ||| FLEEEEING.
 11238 | D:4      | 11238 ||| FLEEEEING.
 11239 | D:4      | 11239 ||| FLEEEEING.
 11259 | D:4      | 11259 ||| FLEEEEING.
 11301 | D:4      | 11301 ||| FLEEEEING.
 11302 | D:4      | 11302 ||| FLEEEEING.
 11303 | D:4      | 11303 ||| FLEEEEING.
 11325 | D:4      | 11325 ||| FLEEEEING.
 11326 | D:4      | 11326 ||| FLEEEEING.
 11327 | D:4      | 11327 ||| FLEEEEING.
 11347 | D:4      | 11347 ||| FLEEEEING.
 11370 | D:4      | 11370 ||| FLEEEEING.
 11371 | D:4      | 11371 ||| FLEEEEING.
 11372 | D:4      | 11372 ||| FLEEEEING.
 11373 | D:4      | 11373 ||| FLEEEEING.
 11393 | D:4      | 11393 ||| FLEEEEING.
 11415 | D:4      | 11415 ||| FLEEEEING.
 11416 | D:4      | 11416 ||| FLEEEEING.
 11417 | D:4      | 11417 ||| FLEEEEING.
 11441 | D:4      | 11441 ||| FLEEEEING.
 11461 | D:4      | 11461 ||| FLEEEEING.
 11481 | D:4      | 11481 ||| FLEEEEING.
 11502 | D:4      | 11502 ||| FLEEEEING.
 11503 | D:4      | 11503 ||| FLEEEEING.
 11534 | D:4      | 11534 ||| FLEEEEING.
 11535 | D:4      | 11535 ||| FLEEEEING.
 11566 | D:4      | 11566 ||| FLEEEEING.
 11587 | D:4      | 11587 ||| FLEEEEING.
 11588 | D:4      | 11588 ||| FLEEEEING.
 11609 | D:4      | 11609 ||| FLEEEEING.
 11610 | D:4      | 11610 ||| FLEEEEING.
 11630 | D:4      | 11630 ||| FLEEEEING.
 11653 | D:4      | 11653 ||| FLEEEEING.
 11654 | D:4      | 11654 ||| FLEEEEING.
 11655 | D:4      | 11655 ||| FLEEEEING.
 11656 | D:4      | 11656 ||| FLEEEEING.
 11678 | D:4      | 11678 ||| FLEEEEING.
 11679 | D:4      | 11679 ||| FLEEEEING.
 11680 | D:4      | 11680 ||| FLEEEEING.
 11700 | D:4      | 11700 ||| FLEEEEING.
 11721 | D:4      | 11721 ||| FLEEEEING.
 11722 | D:4      | 11722 ||| FLEEEEING.
 11742 | D:4      | 11742 ||| FLEEEEING.
 11762 | D:4      | 11762 ||| FLEEEEING.
 11791 | D:4      | 11791 ||| FLEEEEING.
 11814 | D:4      | 11814 ||| FLEEEEING.
 11815 | D:4      | 11815 ||| FLEEEEING.
 11816 | D:4      | 11816 ||| FLEEEEING.
 11817 | D:4      | 11817 ||| FLEEEEING.
 11841 | D:4      | 11841 ||| FLEEEEING.
 11861 | D:4      | 11861 ||| FLEEEEING.
 11881 | D:4      | 11881 ||| FLEEEEING.
 11917 | D:4      | 11917 ||| FLEEEEING.
 11918 | D:4      | 11918 ||| FLEEEEING.
 11938 | D:4      | 11938 ||| FLEEEEING.
 11958 | D:4      | 11958 ||| FLEEEEING.
 11978 | D:4      | 11978 ||| FLEEEEING.
 11998 | D:4      | 11998 ||| FLEEEEING.
 12018 | D:4      | 12018 ||| FLEEEEING.
 12038 | D:4      | 12038 ||| FLEEEEING.
 12066 | D:4      | 12066 ||| FLEEEEING.
 12087 | D:4      | 12087 ||| FLEEEEING.
 12088 | D:4      | 12088 ||| FLEEEEING.
 12108 | D:4      | 12108 ||| FLEEEEING.
 12128 | D:4      | 12128 ||| FLEEEEING.
 12148 | D:4      | 12148 ||| FLEEEEING.
 12171 | D:4      | 12171 ||| FLEEEEING.
 12172 | D:4      | 12172 ||| FLEEEEING.
 12173 | D:4      | 12173 ||| FLEEEEING.
 12174 | D:4      | 12174 ||| FLEEEEING.
 12194 | D:4      | 12194 ||| FLEEEEING.
 12214 | D:4      | 12214 ||| FLEEEEING.
 12234 | D:4      | 12234 ||| FLEEEEING.
 12255 | D:4      | 12255 ||| FLEEEEING.
 12256 | D:4      | 12256 ||| FLEEEEING.
 12279 | D:4      | 12279 ||| FLEEEEING.
 12280 | D:4      | 12280 ||| FLEEEEING.
 12281 | D:4      | 12281 ||| FLEEEEING.
 12282 | D:4      | 12282 ||| FLEEEEING.
 12308 | D:4      | 12308 ||| FLEEEEING.
 12349 | D:4      | 12349 ||| FLEEEEING.
 12370 | D:4      | 12370 ||| FLEEEEING.
 12371 | D:4      | 12371 ||| FLEEEEING.
 12393 | D:4      | 12393 ||| FLEEEEING.
 12394 | D:4      | 12394 ||| FLEEEEING.
 12395 | D:4      | 12395 ||| FLEEEEING.
 12434 | D:4      | 12434 ||| FLEEEEING.
 12435 | D:4      | 12435 ||| FLEEEEING.
 12455 | D:4      | 12455 ||| FLEEEEING.
 12475 | D:4      | 12475 ||| FLEEEEING.
 12509 | D:4      | 12509 ||| FLEEEEING.
 12510 | D:4      | 12510 ||| FLEEEEING.
 12530 | D:4      | 12530 ||| FLEEEEING.
 12558 | D:4      | 12558 ||| FLEEEEING.
 12578 | D:4      | 12578 ||| FLEEEEING.
 12598 | D:4      | 12598 ||| FLEEEEING.
 12618 | D:4      | 12618 ||| FLEEEEING.
 12638 | D:4      | 12638 ||| FLEEEEING.
 12658 | D:4      | 12658 ||| FLEEEEING.
 12679 | D:4      | 12679 ||| FLEEEEING.
 12680 | D:4      | 12680 ||| FLEEEEING.
 12700 | D:4      | 12700 ||| FLEEEEING.
 12720 | D:4      | 12720 ||| FLEEEEING.
 12741 | D:4      | 12741 ||| FLEEEEING.
 12742 | D:4      | 12742 ||| FLEEEEING.
 12762 | D:4      | 12762 ||| FLEEEEING.
 12782 | D:4      | 12782 ||| FLEEEEING.
 12802 | D:4      | 12802 ||| FLEEEEING.
 12822 | D:4      | 12822 ||| FLEEEEING.
 12843 | D:4      | 12843 ||| FLEEEEING.
 12844 | D:4      | 12844 ||| FLEEEEING.
 12884 | D:4      | 12884 ||| FLEEEEING.
 12885 | D:4      | 12885 ||| FLEEEEING.
 12905 | D:4      | 12905 ||| FLEEEEING.
 12925 | D:4      | 12925 ||| FLEEEEING.
 12945 | D:4      | 12945 ||| FLEEEEING.
 12983 | D:4      | 12983 ||| FLEEEEING.
 13004 | D:4      | 13004 ||| FLEEEEING.
 13005 | D:4      | 13005 ||| FLEEEEING.
 13026 | D:4      | 13026 ||| FLEEEEING.
 13027 | D:4      | 13027 ||| FLEEEEING.
 13059 | D:4      | 13059 ||| FLEEEEING.
 13060 | D:4      | 13060 ||| FLEEEEING.
 13080 | D:4      | 13080 ||| FLEEEEING.
 13100 | D:4      | 13100 ||| FLEEEEING.
 13120 | D:4      | 13120 ||| FLEEEEING.
 13140 | D:4      | 13140 ||| FLEEEEING.
 13160 | D:4      | 13160 ||| FLEEEEING.
 13183 | D:4      | 13183 ||| FLEEEEING.
 13184 | D:4      | 13184 ||| FLEEEEING.
 13185 | D:4      | 13185 ||| FLEEEEING.
 13186 | D:4      | 13186 ||| FLEEEEING.
 13206 | D:4      | 13206 ||| FLEEEEING.
 13226 | D:4      | 13226 ||| FLEEEEING.
 13259 | D:4      | 13259 ||| FLEEEEING.
 13260 | D:4      | 13260 ||| FLEEEEING.
 13280 | D:4      | 13280 ||| FLEEEEING.
 13300 | D:4      | 13300 ||| FLEEEEING.
 13320 | D:4      | 13320 ||| FLEEEEING.
 13340 | D:4      | 13340 ||| FLEEEEING.
 13366 | D:4      | 13366 ||| FLEEEEING.
 13386 | D:4      | 13386 ||| FLEEEEING.
 13406 | D:4      | 13406 ||| FLEEEEING.
 13426 | D:4      | 13426 ||| FLEEEEING.
 13446 | D:4      | 13446 ||| FLEEEEING.
 13467 | D:4      | 13467 ||| FLEEEEING.
 13468 | D:4      | 13468 ||| FLEEEEING.
 13500 | D:4      | 13500 ||| FLEEEEING.
 13501 | D:4      | 13501 ||| FLEEEEING.
 13521 | D:4      | 13521 ||| FLEEEEING.
 13542 | D:4      | 13542 ||| FLEEEEING.
 13543 | D:4      | 13543 ||| FLEEEEING.
 13563 | D:4      | 13563 ||| FLEEEEING.
 13583 | D:4      | 13583 ||| FLEEEEING.
 13603 | D:4      | 13603 ||| FLEEEEING.
 13642 | D:4      | 13642 ||| FLEEEEING.
 13643 | D:4      | 13643 ||| FLEEEEING.
 13663 | D:4      | 13663 ||| FLEEEEING.
 13683 | D:4      | 13683 ||| FLEEEEING.
 13703 | D:4      | 13703 ||| FLEEEEING.
 13723 | D:4      | 13723 ||| FLEEEEING.
 13744 | D:4      | 13744 ||| FLEEEEING.
 13745 | D:4      | 13745 ||| FLEEEEING.
 13766 | D:4      | 13766 ||| FLEEEEING.
 13767 | D:4      | 13767 ||| FLEEEEING.
 13787 | D:4      | 13787 ||| FLEEEEING.
 13807 | D:4      | 13807 ||| FLEEEEING.
 13827 | D:4      | 13827 ||| FLEEEEING.
 13847 | D:4      | 13847 ||| FLEEEEING.
 13868 | D:4      | 13868 ||| FLEEEEING.
 13869 | D:4      | 13869 ||| FLEEEEING.
 13891 | D:4      | 13891 ||| FLEEEEING.
 13911 | D:4      | 13911 ||| FLEEEEING.
 13931 | D:4      | 13931 ||| FLEEEEING.
 13951 | D:4      | 13951 ||| FLEEEEING.
 13974 | D:4      | 13974 ||| FLEEEEING.
 13975 | D:4      | 13975 ||| FLEEEEING.
 13976 | D:4      | 13976 ||| FLEEEEING.
 13977 | D:4      | 13977 ||| FLEEEEING.
 13998 | D:4      | 13998 ||| FLEEEEING.
 13999 | D:4      | 13999 ||| FLEEEEING.
 14019 | D:4      | 14019 ||| FLEEEEING.
 14039 | D:4      | 14039 ||| FLEEEEING.
 14059 | D:4      | 14059 ||| FLEEEEING.
 14081 | D:4      | 14081 ||| FLEEEEING.
 14082 | D:4      | 14082 ||| FLEEEEING.
 14083 | D:4      | 14083 ||| FLEEEEING.
 14103 | D:4      | 14103 ||| FLEEEEING.
 14124 | D:4      | 14124 ||| FLEEEEING.
 14125 | D:4      | 14125 ||| FLEEEEING.
 14158 | D:4      | 14158 ||| FLEEEEING.
 14178 | D:4      | 14178 ||| FLEEEEING.
 14198 | D:4      | 14198 ||| FLEEEEING.
 14218 | D:4      | 14218 ||| FLEEEEING.
 14238 | D:4      | 14238 ||| FLEEEEING.
 14258 | D:4      | 14258 ||| FLEEEEING.
 14280 | D:4      | 14280 ||| FLEEEEING.
 14281 | D:4      | 14281 ||| FLEEEEING.
 14282 | D:4      | 14282 ||| FLEEEEING.
 14302 | D:4      | 14302 ||| FLEEEEING.
 14323 | D:4      | 14323 ||| FLEEEEING.
 14324 | D:4      | 14324 ||| FLEEEEING.
 14344 | D:4      | 14344 ||| FLEEEEING.
 14364 | D:4      | 14364 ||| FLEEEEING.
 14385 | D:4      | 14385 ||| FLEEEEING.
 14386 | D:4      | 14386 ||| FLEEEEING.
 14406 | D:4      | 14406 ||| FLEEEEING.
 14426 | D:4      | 14426 ||| FLEEEEING.
 14446 | D:4      | 14446 ||| FLEEEEING.
 14466 | D:4      | 14466 ||| FLEEEEING.
 14487 | D:4      | 14487 ||| FLEEEEING.
 14488 | D:4      | 14488 ||| FLEEEEING.
 14508 | D:4      | 14508 ||| FLEEEEING.
 14528 | D:4      | 14528 ||| FLEEEEING.
 14548 | D:4      | 14548 ||| FLEEEEING.
 14570 | D:4      | 14570 ||| FLEEEEING.
 14571 | D:4      | 14571 ||| FLEEEEING.
 14572 | D:4      | 14572 ||| FLEEEEING.
 14593 | D:4      | 14593 ||| FLEEEEING.
 14594 | D:4      | 14594 ||| FLEEEEING.
 14614 | D:4      | 14614 ||| FLEEEEING.
 14635 | D:4      | 14635 ||| FLEEEEING.
 14636 | D:4      | 14636 ||| FLEEEEING.
 14657 | D:4      | 14657 ||| FLEEEEING.
 14658 | D:4      | 14658 ||| FLEEEEING.
 14678 | D:4      | 14678 ||| FLEEEEING.
 14698 | D:4      | 14698 ||| FLEEEEING.
 14719 | D:4      | 14719 ||| FLEEEEING.
 14720 | D:4      | 14720 ||| FLEEEEING.
 14740 | D:4      | 14740 ||| FLEEEEING.
 14784 | D:4      | 14784 ||| FLEEEEING.
 14785 | D:4      | 14785 ||| FLEEEEING.
 14805 | D:4      | 14805 ||| FLEEEEING.
 14825 | D:4      | 14825 ||| FLEEEEING.
 14845 | D:4      | 14845 ||| FLEEEEING.
 14867 | D:4      | 14867 ||| FLEEEEING.
 14868 | D:4      | 14868 ||| FLEEEEING.
 14869 | D:4      | 14869 ||| FLEEEEING.
 14889 | D:4      | 14889 ||| FLEEEEING.
 14924 | D:4      | 14924 ||| FLEEEEING.
 14945 | D:4      | 14945 ||| FLEEEEING.
 14946 | D:4      | 14946 ||| FLEEEEING.
 14967 | D:4      | 14967 ||| FLEEEEING.
 14968 | D:4      | 14968 ||| FLEEEEING.
 14989 | D:4      | 14989 ||| FLEEEEING.
 14990 | D:4      | 14990 ||| FLEEEEING.
 15010 | D:4      | 15010 ||| FLEEEEING.
 15030 | D:4      | 15030 ||| FLEEEEING.
 15051 | D:4      | 15051 ||| FLEEEEING.
 15052 | D:4      | 15052 ||| FLEEEEING.
 15072 | D:4      | 15072 ||| FLEEEEING.
 15092 | D:4      | 15092 ||| FLEEEEING.
 15112 | D:4      | 15112 ||| FLEEEEING.
 15133 | D:4      | 15133 ||| FLEEEEING.
 15134 | D:4      | 15134 ||| FLEEEEING.
 15154 | D:4      | 15154 ||| FLEEEEING.
 15174 | D:4      | 15174 ||| FLEEEEING.
 15195 | D:4      | 15195 ||| FLEEEEING.
 15196 | D:4      | 15196 ||| FLEEEEING.
 15233 | D:4      | 15233 ||| FLEEEEING.
 15253 | D:4      | 15253 ||| FLEEEEING.
 15274 | D:4      | 15274 ||| FLEEEEING.
 15275 | D:4      | 15275 ||| FLEEEEING.
 15308 | D:4      | 15308 ||| FLEEEEING.
 15328 | D:4      | 15328 ||| FLEEEEING.
 15349 | D:4      | 15349 ||| FLEEEEING.
 15350 | D:4      | 15350 ||| FLEEEEING.
 15370 | D:4      | 15370 ||| FLEEEEING.
 15390 | D:4      | 15390 ||| FLEEEEING.
 15410 | D:4      | 15410 ||| FLEEEEING.
 15430 | D:4      | 15430 ||| FLEEEEING.
 15451 | D:4      | 15451 ||| FLEEEEING.
 15452 | D:4      | 15452 ||| FLEEEEING.
 15473 | D:4      | 15473 ||| FLEEEEING.
 15474 | D:4      | 15474 ||| FLEEEEING.
 15494 | D:4      | 15494 ||| FLEEEEING.
 15516 | D:4      | 15516 ||| FLEEEEING.
 15537 | D:4      | 15537 ||| FLEEEEING.
 15538 | D:4      | 15538 ||| FLEEEEING.
 15558 | D:4      | 15558 ||| FLEEEEING.
 15578 | D:4      | 15578 ||| FLEEEEING.
 15598 | D:4      | 15598 ||| FLEEEEING.
 15620 | D:4      | 15620 ||| FLEEEEING.
 15621 | D:4      | 15621 ||| FLEEEEING.
 15622 | D:4      | 15622 ||| FLEEEEING.
 15650 | D:4      | 15650 ||| FLEEEEING.
 15651 | D:4      | 15651 ||| FLEEEEING.
 15671 | D:4      | 15671 ||| FLEEEEING.
 15691 | D:4      | 15691 ||| FLEEEEING.
 15711 | D:4      | 15711 ||| FLEEEEING.
 15731 | D:4      | 15731 ||| FLEEEEING.
 15751 | D:4      | 15751 ||| FLEEEEING.
 15775 | D:4      | 15775 ||| FLEEEEING.
 15776 | D:4      | 15776 ||| FLEEEEING.
 15777 | D:4      | 15777 ||| FLEEEEING.
 15778 | D:4      | 15778 ||| FLEEEEING.
 15779 | D:4      | 15779 ||| FLEEEEING.
 15799 | D:4      | 15799 ||| FLEEEEING.
 15819 | D:4      | 15819 ||| FLEEEEING.
 15839 | D:4      | 15839 ||| FLEEEEING.
 15859 | D:4      | 15859 ||| FLEEEEING.
 15879 | D:4      | 15879 ||| FLEEEEING.
 15900 | D:4      | 15900 ||| FLEEEEING.
 15901 | D:4      | 15901 ||| FLEEEEING.
 15921 | D:4      | 15921 ||| FLEEEEING.
 15941 | D:4      | 15941 ||| FLEEEEING.
 15962 | D:4      | 15962 ||| FLEEEEING.
 15963 | D:4      | 15963 ||| FLEEEEING.
 15983 | D:4      | 15983 ||| FLEEEEING.
 16003 | D:4      | 16003 ||| FLEEEEING.
 16024 | D:4      | 16024 ||| FLEEEEING.
 16025 | D:4      | 16025 ||| FLEEEEING.
 16045 | D:4      | 16045 ||| FLEEEEING.
 16066 | D:4      | 16066 ||| FLEEEEING.
 16067 | D:4      | 16067 ||| FLEEEEING.
 16092 | D:4      | 16092 ||| FLEEEEING.
 16093 | D:4      | 16093 ||| FLEEEEING.
 16114 | D:4      | 16114 ||| FLEEEEING.
 16115 | D:4      | 16115 ||| FLEEEEING.
 16149 | D:4      | 16149 ||| FLEEEEING.
 16169 | D:4      | 16169 ||| FLEEEEING.
 16189 | D:4      | 16189 ||| FLEEEEING.
 16209 | D:4      | 16209 ||| FLEEEEING.
 16229 | D:4      | 16229 ||| FLEEEEING.
 16252 | D:4      | 16252 ||| FLEEEEING.
 16253 | D:4      | 16253 ||| FLEEEEING.
 16254 | D:4      | 16254 ||| FLEEEEING.
 16255 | D:4      | 16255 ||| FLEEEEING.
 16275 | D:4      | 16275 ||| FLEEEEING.
 16295 | D:4      | 16295 ||| FLEEEEING.
 16315 | D:4      | 16315 ||| FLEEEEING.
 16349 | D:4      | 16349 ||| FLEEEEING.
 16369 | D:4      | 16369 ||| FLEEEEING.
 16389 | D:4      | 16389 ||| FLEEEEING.
 16409 | D:4      | 16409 ||| FLEEEEING.
 16429 | D:4      | 16429 ||| FLEEEEING.
 16467 | D:4      | 16467 ||| FLEEEEING.
 16468 | D:4      | 16468 ||| FLEEEEING.
 16488 | D:4      | 16488 ||| FLEEEEING.
 16508 | D:4      | 16508 ||| FLEEEEING.
 16528 | D:4      | 16528 ||| FLEEEEING.
 16549 | D:4      | 16549 ||| FLEEEEING.
 16550 | D:4      | 16550 ||| FLEEEEING.
 16570 | D:4      | 16570 ||| FLEEEEING.
 16591 | D:4      | 16591 ||| FLEEEEING.
 16592 | D:4      | 16592 ||| FLEEEEING.
 16613 | D:4      | 16613 ||| FLEEEEING.
 16614 | D:4      | 16614 ||| FLEEEEING.
 16634 | D:4      | 16634 ||| FLEEEEING.
 16654 | D:4      | 16654 ||| FLEEEEING.
 16675 | D:4      | 16675 ||| FLEEEEING.
 16676 | D:4      | 16676 ||| FLEEEEING.
 16724 | D:4      | 16724 ||| FLEEEEING.
 16745 | D:4      | 16745 ||| FLEEEEING.
 16746 | D:4      | 16746 ||| FLEEEEING.
 16766 | D:4      | 16766 ||| FLEEEEING.
 16787 | D:4      | 16787 ||| FLEEEEING.
 16788 | D:4      | 16788 ||| FLEEEEING.
 16808 | D:4      | 16808 ||| FLEEEEING.
 16842 | D:4      | 16842 ||| FLEEEEING.
 16843 | D:4      | 16843 ||| FLEEEEING.
 16864 | D:4      | 16864 ||| FLEEEEING.
 16865 | D:4      | 16865 ||| FLEEEEING.
 16886 | D:4      | 16886 ||| FLEEEEING.
 16887 | D:4      | 16887 ||| FLEEEEING.
 16907 | D:4      | 16907 ||| FLEEEEING.
 16927 | D:4      | 16927 ||| FLEEEEING.
 16949 | D:4      | 16949 ||| FLEEEEING.
 16950 | D:4      | 16950 ||| FLEEEEING.
 16951 | D:4      | 16951 ||| FLEEEEING.
 16972 | D:4      | 16972 ||| FLEEEEING.
 16973 | D:4      | 16973 ||| FLEEEEING.
 16993 | D:4      | 16993 ||| FLEEEEING.
 17014 | D:4      | 17014 ||| FLEEEEING.
 17015 | D:4      | 17015 ||| FLEEEEING.
 17035 | D:4      | 17035 ||| FLEEEEING.
 17056 | D:4      | 17056 ||| FLEEEEING.
 17057 | D:4      | 17057 ||| FLEEEEING.
 17077 | D:4      | 17077 ||| FLEEEEING.
 17101 | D:4      | 17101 ||| FLEEEEING.
 17102 | D:4      | 17102 ||| FLEEEEING.
 17103 | D:4      | 17103 ||| FLEEEEING.
 17104 | D:4      | 17104 ||| FLEEEEING.
 17105 | D:4      | 17105 ||| FLEEEEING.
 17125 | D:4      | 17125 ||| FLEEEEING.
 17145 | D:4      | 17145 ||| FLEEEEING.
 17168 | D:4      | 17168 ||| FLEEEEING.
 17169 | D:4      | 17169 ||| FLEEEEING.
 17170 | D:4      | 17170 ||| FLEEEEING.
 17171 | D:4      | 17171 ||| FLEEEEING.
 17192 | D:4      | 17192 ||| FLEEEEING.
 17193 | D:4      | 17193 ||| FLEEEEING.
 17213 | D:4      | 17213 ||| FLEEEEING.
 17233 | D:4      | 17233 ||| FLEEEEING.
 17253 | D:4      | 17253 ||| FLEEEEING.
 17273 | D:4      | 17273 ||| FLEEEEING.
 17293 | D:4      | 17293 ||| FLEEEEING.
 17313 | D:4      | 17313 ||| FLEEEEING.
 17333 | D:4      | 17333 ||| FLEEEEING.
 17353 | D:4      | 17353 ||| FLEEEEING.
 17373 | D:4      | 17373 ||| FLEEEEING.
 17393 | D:4      | 17393 ||| FLEEEEING.
 17413 | D:4      | 17413 ||| FLEEEEING.
 17433 | D:4      | 17433 ||| FLEEEEING.
 17453 | D:4      | 17453 ||| FLEEEEING.
 17473 | D:4      | 17473 ||| FLEEEEING.
 17493 | D:4      | 17493 ||| FLEEEEING.
 17513 | D:4      | 17513 ||| FLEEEEING.
 17533 | D:4      | 17533 ||| FLEEEEING.
 17553 | D:4      | 17553 ||| FLEEEEING.
 17573 | D:4      | 17573 ||| FLEEEEING.
 17599 | D:4      | 17599 ||| FLEEEEING.
 17619 | D:4      | 17619 ||| FLEEEEING.
 17639 | D:4      | 17639 ||| FLEEEEING.
 17659 | D:4      | 17659 ||| FLEEEEING.
 17679 | D:4      | 17679 ||| FLEEEEING.
 17699 | D:4      | 17699 ||| FLEEEEING.
 17724 | D:4      | 17724 ||| FLEEEEING.
 17745 | D:4      | 17745 ||| FLEEEEING.
 17746 | D:4      | 17746 ||| FLEEEEING.
 17775 | D:4      | 17775 ||| FLEEEEING.
 17776 | D:4      | 17776 ||| FLEEEEING.
 17796 | D:4      | 17796 ||| FLEEEEING.
 17817 | D:4      | 17817 ||| FLEEEEING.
 17818 | D:4      | 17818 ||| FLEEEEING.
 17841 | D:4      | 17841 ||| FLEEEEING.
 17842 | D:4      | 17842 ||| FLEEEEING.
 17843 | D:4      | 17843 ||| FLEEEEING.
 17844 | D:4      | 17844 ||| FLEEEEING.
 17865 | D:4      | 17865 ||| FLEEEEING.
 17866 | D:4      | 17866 ||| FLEEEEING.
 17887 | D:4      | 17887 ||| FLEEEEING.
 17888 | D:4      | 17888 ||| FLEEEEING.
 17908 | D:4      | 17908 ||| FLEEEEING.
 17933 | D:4      | 17933 ||| FLEEEEING.
 17955 | D:4      | 17955 ||| FLEEEEING.
 17956 | D:4      | 17956 ||| FLEEEEING.
 17957 | D:4      | 17957 ||| FLEEEEING.
 17999 | D:4      | 17999 ||| FLEEEEING.
 18019 | D:4      | 18019 ||| FLEEEEING.
 18039 | D:4      | 18039 ||| FLEEEEING.
 18059 | D:4      | 18059 ||| FLEEEEING.
 18080 | D:4      | 18080 ||| FLEEEEING.
 18081 | D:4      | 18081 ||| FLEEEEING.
 18108 | D:4      | 18108 ||| FLEEEEING.
 18128 | D:4      | 18128 ||| FLEEEEING.
 18149 | D:4      | 18149 ||| FLEEEEING.
 18150 | D:4      | 18150 ||| FLEEEEING.
 18170 | D:4      | 18170 ||| FLEEEEING.
 18191 | D:4      | 18191 ||| FLEEEEING.
 18192 | D:4      | 18192 ||| FLEEEEING.
 18213 | D:4      | 18213 ||| FLEEEEING.
 18214 | D:4      | 18214 ||| FLEEEEING.
 18258 | D:4      | 18258 ||| FLEEEEING.
 18279 | D:4      | 18279 ||| FLEEEEING.
 18280 | D:4      | 18280 ||| FLEEEEING.
 18300 | D:4      | 18300 ||| FLEEEEING.
 18320 | D:4      | 18320 ||| FLEEEEING.
 18342 | D:4      | 18342 ||| FLEEEEING.
 18343 | D:4      | 18343 ||| FLEEEEING.
 18344 | D:4      | 18344 ||| FLEEEEING.
 18364 | D:4      | 18364 ||| FLEEEEING.
 18384 | D:4      | 18384 ||| FLEEEEING.
 18404 | D:4      | 18404 ||| FLEEEEING.
 18424 | D:4      | 18424 ||| FLEEEEING.
 18444 | D:4      | 18444 ||| FLEEEEING.
 18464 | D:4      | 18464 ||| FLEEEEING.
 18484 | D:4      | 18484 ||| FLEEEEING.
 18504 | D:4      | 18504 ||| FLEEEEING.
 18524 | D:4      | 18524 ||| FLEEEEING.
 18544 | D:4      | 18544 ||| FLEEEEING.
 18564 | D:4      | 18564 ||| FLEEEEING.
 18584 | D:4      | 18584 ||| FLEEEEING.
 18606 | D:4      | 18606 ||| FLEEEEING.
 18607 | D:4      | 18607 ||| FLEEEEING.
 18608 | D:4      | 18608 ||| FLEEEEING.
 18633 | D:4      | 18633 ||| FLEEEEING.
 18653 | D:4      | 18653 ||| FLEEEEING.
 18673 | D:4      | 18673 ||| FLEEEEING.
 18693 | D:4      | 18693 ||| FLEEEEING.
 18715 | D:4      | 18715 ||| FLEEEEING.
 18716 | D:4      | 18716 ||| FLEEEEING.
 18717 | D:4      | 18717 ||| FLEEEEING.
 18737 | D:4      | 18737 ||| FLEEEEING.
 18757 | D:4      | 18757 ||| FLEEEEING.
 18783 | D:4      | 18783 ||| FLEEEEING.
 18804 | D:4      | 18804 ||| FLEEEEING.
 18805 | D:4      | 18805 ||| FLEEEEING.
 18825 | D:4      | 18825 ||| FLEEEEING.
 18846 | D:4      | 18846 ||| FLEEEEING.
 18847 | D:4      | 18847 ||| FLEEEEING.
 18867 | D:4      | 18867 ||| FLEEEEING.
 18887 | D:4      | 18887 ||| FLEEEEING.
 18907 | D:4      | 18907 ||| FLEEEEING.
 18927 | D:4      | 18927 ||| FLEEEEING.
 18947 | D:4      | 18947 ||| FLEEEEING.
 18968 | D:4      | 18968 ||| FLEEEEING.
 18969 | D:4      | 18969 ||| FLEEEEING.
 18990 | D:4      | 18990 ||| FLEEEEING.
 18991 | D:4      | 18991 ||| FLEEEEING.
 19011 | D:4      | 19011 ||| FLEEEEING.
 19031 | D:4      | 19031 ||| FLEEEEING.
 19051 | D:4      | 19051 ||| FLEEEEING.
 19072 | D:4      | 19072 ||| FLEEEEING.
 19073 | D:4      | 19073 ||| FLEEEEING.
 19101 | D:4      | 19101 ||| FLEEEEING.
 19102 | D:4      | 19102 ||| FLEEEEING.
 19103 | D:4      | 19103 ||| FLEEEEING.
 19124 | D:4      | 19124 ||| FLEEEEING.
 19158 | D:4      | 19158 ||| FLEEEEING.
 19178 | D:4      | 19178 ||| FLEEEEING.
 19198 | D:4      | 19198 ||| FLEEEEING.
 19218 | D:4      | 19218 ||| FLEEEEING.
 19239 | D:4      | 19239 ||| FLEEEEING.
 19240 | D:4      | 19240 ||| FLEEEEING.
 19266 | D:4      | 19266 ||| FLEEEEING.
 19286 | D:4      | 19286 ||| FLEEEEING.
 19307 | D:4      | 19307 ||| FLEEEEING.
 19308 | D:4      | 19308 ||| FLEEEEING.
 19328 | D:4      | 19328 ||| FLEEEEING.
 19348 | D:4      | 19348 ||| FLEEEEING.
 19368 | D:4      | 19368 ||| FLEEEEING.
 19390 | D:4      | 19390 ||| FLEEEEING.
 19391 | D:4      | 19391 ||| FLEEEEING.
 19392 | D:4      | 19392 ||| FLEEEEING.
 19414 | D:4      | 19414 ||| FLEEEEING.
 19415 | D:4      | 19415 ||| FLEEEEING.
 19416 | D:4      | 19416 ||| FLEEEEING.
 19436 | D:4      | 19436 ||| FLEEEEING.
 19456 | D:4      | 19456 ||| FLEEEEING.
 19499 | D:4      | 19499 ||| FLEEEEING.
 19519 | D:4      | 19519 ||| FLEEEEING.
 19539 | D:4      | 19539 ||| FLEEEEING.
 19561 | D:4      | 19561 ||| FLEEEEING.
 19562 | D:4      | 19562 ||| FLEEEEING.
 19563 | D:4      | 19563 ||| FLEEEEING.
 19584 | D:4      | 19584 ||| FLEEEEING.
 19585 | D:4      | 19585 ||| FLEEEEING.
 19605 | D:4      | 19605 ||| FLEEEEING.
 19625 | D:4      | 19625 ||| FLEEEEING.
 19647 | D:4      | 19647 ||| FLEEEEING.
 19648 | D:4      | 19648 ||| FLEEEEING.
 19649 | D:4      | 19649 ||| FLEEEEING.
 19674 | D:4      | 19674 ||| FLEEEEING.
 19694 | D:4      | 19694 ||| FLEEEEING.
 19736 | D:4      | 19736 ||| FLEEEEING.
 19737 | D:4      | 19737 ||| FLEEEEING.
 19738 | D:4      | 19738 ||| FLEEEEING.
 19739 | D:4      | 19739 ||| FLEEEEING.
 19775 | D:4      | 19775 ||| FLEEEEING.
 19776 | D:4      | 19776 ||| FLEEEEING.
 19796 | D:4      | 19796 ||| FLEEEEING.
 19816 | D:4      | 19816 ||| FLEEEEING.
 19841 | D:4      | 19841 ||| FLEEEEING.
 19861 | D:4      | 19861 ||| FLEEEEING.
 19883 | D:4      | 19883 ||| FLEEEEING.
 19916 | D:4      | 19916 ||| FLEEEEING.
 19941 | D:4      | 19941 ||| FLEEEEING.
 19961 | D:4      | 19961 ||| FLEEEEING.
 19981 | D:4      | 19981 ||| FLEEEEING.
 20002 | D:4      | 20002 ||| FLEEEEING.
 20003 | D:4      | 20003 ||| FLEEEEING.
 20023 | D:4      | 20023 ||| FLEEEEING.
 20044 | D:4      | 20044 ||| FLEEEEING.
 20045 | D:4      | 20045 ||| FLEEEEING.
 20065 | D:4      | 20065 ||| FLEEEEING.
 20085 | D:4      | 20085 ||| FLEEEEING.
 20105 | D:4      | 20105 ||| FLEEEEING.
 20125 | D:4      | 20125 ||| FLEEEEING.
 20146 | D:4      | 20146 ||| FLEEEEING.
 20147 | D:4      | 20147 ||| FLEEEEING.
 20167 | D:4      | 20167 ||| FLEEEEING.
 20187 | D:4      | 20187 ||| FLEEEEING.
 20208 | D:4      | 20208 ||| FLEEEEING.
 20209 | D:4      | 20209 ||| FLEEEEING.
 20229 | D:4      | 20229 ||| FLEEEEING.
 20249 | D:4      | 20249 ||| FLEEEEING.
 20274 | D:4      | 20274 ||| FLEEEEING.
 20295 | D:4      | 20295 ||| FLEEEEING.
 20296 | D:4      | 20296 ||| FLEEEEING.
 20316 | D:4      | 20316 ||| FLEEEEING.
 20338 | D:4      | 20338 ||| FLEEEEING.
 20339 | D:4      | 20339 ||| FLEEEEING.
 20340 | D:4      | 20340 ||| FLEEEEING.
 20360 | D:4      | 20360 ||| FLEEEEING.
 20380 | D:4      | 20380 ||| FLEEEEING.
 20400 | D:4      | 20400 ||| FLEEEEING.
 20420 | D:4      | 20420 ||| FLEEEEING.
 20442 | D:4      | 20442 ||| FLEEEEING.
 20443 | D:4      | 20443 ||| FLEEEEING.
 20444 | D:4      | 20444 ||| FLEEEEING.
 20464 | D:4      | 20464 ||| FLEEEEING.
 20486 | D:4      | 20486 ||| FLEEEEING.
 20487 | D:4      | 20487 ||| FLEEEEING.
 20488 | D:4      | 20488 ||| FLEEEEING.
 20508 | D:4      | 20508 ||| FLEEEEING.
 20528 | D:4      | 20528 ||| FLEEEEING.
 20548 | D:4      | 20548 ||| FLEEEEING.
 20569 | D:4      | 20569 ||| FLEEEEING.
 20570 | D:4      | 20570 ||| FLEEEEING.
 20599 | D:4      | 20599 ||| FLEEEEING.
 20621 | D:4      | 20621 ||| FLEEEEING.
 20622 | D:4      | 20622 ||| FLEEEEING.
 20623 | D:4      | 20623 ||| FLEEEEING.
 20658 | D:4      | 20658 ||| FLEEEEING.
 20692 | D:4      | 20692 ||| FLEEEEING.
 20693 | D:4      | 20693 ||| FLEEEEING.
 20733 | D:4      | 20733 ||| FLEEEEING.
 20753 | D:4      | 20753 ||| FLEEEEING.
 20773 | D:4      | 20773 ||| FLEEEEING.
 20793 | D:4      | 20793 ||| FLEEEEING.
 20814 | D:4      | 20814 ||| FLEEEEING.
 20815 | D:4      | 20815 ||| FLEEEEING.
 20835 | D:4      | 20835 ||| FLEEEEING.
 20855 | D:4      | 20855 ||| FLEEEEING.
 20876 | D:4      | 20876 ||| FLEEEEING.
 20877 | D:4      | 20877 ||| FLEEEEING.
 20897 | D:4      | 20897 ||| FLEEEEING.
 20917 | D:4      | 20917 ||| FLEEEEING.
 20941 | D:4      | 20941 ||| FLEEEEING.
 20961 | D:4      | 20961 ||| FLEEEEING.
 20983 | D:4      | 20983 ||| FLEEEEING.
 21003 | D:4      | 21003 ||| FLEEEEING.
 21024 | D:4      | 21024 ||| FLEEEEING.
 21025 | D:4      | 21025 ||| FLEEEEING.
 21045 | D:4      | 21045 ||| FLEEEEING.
 21083 | D:4      | 21083 ||| FLEEEEING.
 21103 | D:4      | 21103 ||| FLEEEEING.
 21123 | D:4      | 21123 ||| FLEEEEING.
 21144 | D:4      | 21144 ||| FLEEEEING.
 21145 | D:4      | 21145 ||| FLEEEEING.
 21166 | D:4      | 21166 ||| FLEEEEING.
 21167 | D:4      | 21167 ||| FLEEEEING.
 21208 | D:4      | 21208 ||| FLEEEEING.
 21228 | D:4      | 21228 ||| FLEEEEING.
 21249 | D:4      | 21249 ||| FLEEEEING.
 21250 | D:4      | 21250 ||| FLEEEEING.
 21270 | D:4      | 21270 ||| FLEEEEING.
 21292 | D:4      | 21292 ||| FLEEEEING.
 21293 | D:4      | 21293 ||| FLEEEEING.
 21294 | D:4      | 21294 ||| FLEEEEING.
 21333 | D:4      | 21333 ||| FLEEEEING.
 21353 | D:4      | 21353 ||| FLEEEEING.
 21373 | D:4      | 21373 ||| FLEEEEING.
 21394 | D:4      | 21394 ||| FLEEEEING.
 21395 | D:4      | 21395 ||| FLEEEEING.
 21415 | D:4      | 21415 ||| FLEEEEING.
 21435 | D:4      | 21435 ||| FLEEEEING.
 21455 | D:4      | 21455 ||| FLEEEEING.
 21476 | D:4      | 21476 ||| FLEEEEING.
 21477 | D:4      | 21477 ||| FLEEEEING.
 21497 | D:4      | 21497 ||| FLEEEEING.
 21517 | D:4      | 21517 ||| FLEEEEING.
 21538 | D:4      | 21538 ||| FLEEEEING.
 21539 | D:4      | 21539 ||| FLEEEEING.
 21583 | D:4      | 21583 ||| FLEEEEING.
 21603 | D:4      | 21603 ||| FLEEEEING.
 21633 | D:4      | 21633 ||| FLEEEEING.
 21654 | D:4      | 21654 ||| FLEEEEING.
 21655 | D:4      | 21655 ||| FLEEEEING.
 21676 | D:4      | 21676 ||| FLEEEEING.
 21677 | D:4      | 21677 ||| FLEEEEING.
 21697 | D:4      | 21697 ||| FLEEEEING.
 21717 | D:4      | 21717 ||| FLEEEEING.
 21737 | D:4      | 21737 ||| FLEEEEING.
 21758 | D:4      | 21758 ||| FLEEEEING.
 21759 | D:4      | 21759 ||| FLEEEEING.
 21783 | D:4      | 21783 ||| FLEEEEING.
 21803 | D:4      | 21803 ||| FLEEEEING.
 21823 | D:4      | 21823 ||| FLEEEEING.
 21843 | D:4      | 21843 ||| FLEEEEING.
 21863 | D:4      | 21863 ||| FLEEEEING.
 21883 | D:4      | 21883 ||| FLEEEEING.
 21904 | D:4      | 21904 ||| FLEEEEING.
 21905 | D:4      | 21905 ||| FLEEEEING.
 21925 | D:4      | 21925 ||| FLEEEEING.
 21945 | D:4      | 21945 ||| FLEEEEING.
 21965 | D:4      | 21965 ||| FLEEEEING.
 21986 | D:4      | 21986 ||| FLEEEEING.
 21987 | D:4      | 21987 ||| FLEEEEING.
 22007 | D:4      | 22007 ||| FLEEEEING.
 22029 | D:4      | 22029 ||| FLEEEEING.
 22030 | D:4      | 22030 ||| FLEEEEING.
 22031 | D:4      | 22031 ||| FLEEEEING.
 22058 | D:4      | 22058 ||| FLEEEEING.
 22078 | D:4      | 22078 ||| FLEEEEING.
 22108 | D:4      | 22108 ||| FLEEEEING.
 22130 | D:4      | 22130 ||| FLEEEEING.
 22131 | D:4      | 22131 ||| FLEEEEING.
 22132 | D:4      | 22132 ||| FLEEEEING.
 22152 | D:4      | 22152 ||| FLEEEEING.
 22172 | D:4      | 22172 ||| FLEEEEING.
 22192 | D:4      | 22192 ||| FLEEEEING.
 22212 | D:4      | 22212 ||| FLEEEEING.
 22232 | D:4      | 22232 ||| FLEEEEING.
 22254 | D:4      | 22254 ||| FLEEEEING.
 22255 | D:4      | 22255 ||| FLEEEEING.
 22256 | D:4      | 22256 ||| FLEEEEING.
 22291 | D:4      | 22291 ||| FLEEEEING.
 22313 | D:4      | 22313 ||| FLEEEEING.
 22314 | D:4      | 22314 ||| FLEEEEING.
 22315 | D:4      | 22315 ||| FLEEEEING.
 22335 | D:4      | 22335 ||| FLEEEEING.
 22355 | D:4      | 22355 ||| FLEEEEING.
 22376 | D:4      | 22376 ||| FLEEEEING.
 22377 | D:4      | 22377 ||| FLEEEEING.
 22397 | D:4      | 22397 ||| FLEEEEING.
 22418 | D:4      | 22418 ||| FLEEEEING.
 22419 | D:4      | 22419 ||| FLEEEEING.
 22439 | D:4      | 22439 ||| FLEEEEING.
 22459 | D:4      | 22459 ||| FLEEEEING.
 22481 | D:4      | 22481 ||| FLEEEEING.
 22482 | D:4      | 22482 ||| FLEEEEING.
 22483 | D:4      | 22483 ||| FLEEEEING.
 22524 | D:4      | 22524 ||| FLEEEEING.
 22545 | D:4      | 22545 ||| FLEEEEING.
 22546 | D:4      | 22546 ||| FLEEEEING.
 22566 | D:4      | 22566 ||| FLEEEEING.
 22587 | D:4      | 22587 ||| FLEEEEING.
 22588 | D:4      | 22588 ||| FLEEEEING.
 22608 | D:4      | 22608 ||| FLEEEEING.
 22628 | D:4      | 22628 ||| FLEEEEING.
 22648 | D:4      | 22648 ||| FLEEEEING.
 22668 | D:4      | 22668 ||| FLEEEEING.
 22690 | D:4      | 22690 ||| FLEEEEING.
 22691 | D:4      | 22691 ||| FLEEEEING.
 22692 | D:4      | 22692 ||| FLEEEEING.
 22717 | D:4      | 22717 ||| FLEEEEING.
 22718 | D:4      | 22718 ||| FLEEEEING.
 22738 | D:4      | 22738 ||| FLEEEEING.
 22758 | D:4      | 22758 ||| FLEEEEING.
 22778 | D:4      | 22778 ||| FLEEEEING.
 22799 | D:4      | 22799 ||| FLEEEEING.
 22800 | D:4      | 22800 ||| FLEEEEING.
 22820 | D:4      | 22820 ||| FLEEEEING.
 22840 | D:4      | 22840 ||| FLEEEEING.
 22860 | D:4      | 22860 ||| FLEEEEING.
 22880 | D:4      | 22880 ||| FLEEEEING.
 22900 | D:4      | 22900 ||| FLEEEEING.
 22921 | D:4      | 22921 ||| FLEEEEING.
 22922 | D:4      | 22922 ||| FLEEEEING.
 22928 | D:4      | Glimpsed the power of Zot.
 22943 | D:4      | 22943 ||| FLEEEEING.
 22944 | D:4      | 22944 ||| FLEEEEING.
 22984 | D:4      | 22984 ||| FLEEEEING.
 22985 | D:4      | 22985 ||| FLEEEEING.
 23005 | D:4      | 23005 ||| FLEEEEING.
 23025 | D:4      | 23025 ||| FLEEEEING.
 23045 | D:4      | 23045 ||| FLEEEEING.
 23065 | D:4      | 23065 ||| FLEEEEING.
 23086 | D:4      | 23086 ||| FLEEEEING.
 23087 | D:4      | 23087 ||| FLEEEEING.
 23108 | D:4      | 23108 ||| FLEEEEING.
 23109 | D:4      | 23109 ||| FLEEEEING.
 23129 | D:4      | 23129 ||| FLEEEEING.
 23150 | D:4      | 23150 ||| FLEEEEING.
 23151 | D:4      | 23151 ||| FLEEEEING.
 23175 | D:4      | 23175 ||| FLEEEEING.
 23176 | D:4      | 23176 ||| FLEEEEING.
 23199 | D:4      | 23199 ||| FLEEEEING.
 23219 | D:4      | 23219 ||| FLEEEEING.
 23242 | D:4      | 23242 ||| FLEEEEING.
 23243 | D:4      | 23243 ||| FLEEEEING.
 23244 | D:4      | 23244 ||| FLEEEEING.
 23245 | D:4      | 23245 ||| FLEEEEING.
 23267 | D:4      | 23267 ||| FLEEEEING.
 23268 | D:4      | 23268 ||| FLEEEEING.
 23269 | D:4      | 23269 ||| FLEEEEING.
 23289 | D:4      | 23289 ||| FLEEEEING.
 23309 | D:4      | 23309 ||| FLEEEEING.
 23349 | D:4      | 23349 ||| FLEEEEING.
 23369 | D:4      | 23369 ||| FLEEEEING.
 23389 | D:4      | 23389 ||| FLEEEEING.
 23409 | D:4      | 23409 ||| FLEEEEING.
 23428 | D:4      | Glimpsed the power of Zot.
 23429 | D:4      | 23429 ||| FLEEEEING.
 23451 | D:4      | 23451 ||| FLEEEEING.
 23452 | D:4      | 23452 ||| FLEEEEING.
 23453 | D:4      | 23453 ||| FLEEEEING.
 23474 | D:4      | 23474 ||| FLEEEEING.
 23475 | D:4      | 23475 ||| FLEEEEING.
 23496 | D:4      | 23496 ||| FLEEEEING.
 23497 | D:4      | 23497 ||| FLEEEEING.
 23517 | D:4      | 23517 ||| FLEEEEING.
 23537 | D:4      | 23537 ||| FLEEEEING.
 23557 | D:4      | 23557 ||| FLEEEEING.
 23579 | D:4      | 23579 ||| FLEEEEING.
 23580 | D:4      | 23580 ||| FLEEEEING.
 23581 | D:4      | 23581 ||| FLEEEEING.
 23616 | D:4      | 23616 ||| FLEEEEING.
 23636 | D:4      | 23636 ||| FLEEEEING.
 23657 | D:4      | 23657 ||| FLEEEEING.
 23658 | D:4      | 23658 ||| FLEEEEING.
 23678 | D:4      | 23678 ||| FLEEEEING.
 23700 | D:4      | 23700 ||| FLEEEEING.
 23701 | D:4      | 23701 ||| FLEEEEING.
 23702 | D:4      | 23702 ||| FLEEEEING.
 23722 | D:4      | 23722 ||| FLEEEEING.
 23742 | D:4      | 23742 ||| FLEEEEING.
 23763 | D:4      | 23763 ||| FLEEEEING.
 23764 | D:4      | 23764 ||| FLEEEEING.
 23785 | D:4      | 23785 ||| FLEEEEING.
 23786 | D:4      | 23786 ||| FLEEEEING.
 23825 | D:4      | 23825 ||| FLEEEEING.
 23826 | D:4      | 23826 ||| FLEEEEING.
 23828 | D:4      | Glimpsed the power of Zot.
 23847 | D:4      | 23847 ||| FLEEEEING.
 23848 | D:4      | 23848 ||| FLEEEEING.
 23868 | D:4      | 23868 ||| FLEEEEING.
 23888 | D:4      | 23888 ||| FLEEEEING.
 23909 | D:4      | 23909 ||| FLEEEEING.
 23910 | D:4      | 23910 ||| FLEEEEING.
 23928 | D:4      | Touched by the power of Zot.
 23929 | D:4      | 23929 ||| FLEEEEING.
 23929 | D:4      | Glimpsed the power of Zot.
 23952 | D:4      | 23952 ||| FLEEEEING.
 23953 | D:4      | 23953 ||| FLEEEEING.
 23954 | D:4      | 23954 ||| FLEEEEING.
 23991 | D:4      | 23991 ||| FLEEEEING.
 24011 | D:4      | 24011 ||| FLEEEEING.
 24031 | D:4      | 24031 ||| FLEEEEING.
 24071 | D:4      | 24071 ||| FLEEEEING.
 24091 | D:4      | 24091 ||| FLEEEEING.
 24112 | D:4      | 24112 ||| FLEEEEING.
 24113 | D:4      | 24113 ||| FLEEEEING.
 24134 | D:4      | 24134 ||| FLEEEEING.
 24135 | D:4      | 24135 ||| FLEEEEING.
 24155 | D:4      | 24155 ||| FLEEEEING.
 24176 | D:4      | 24176 ||| FLEEEEING.
 24177 | D:4      | 24177 ||| FLEEEEING.
 24197 | D:4      | 24197 ||| FLEEEEING.
 24217 | D:4      | 24217 ||| FLEEEEING.
 24252 | D:4      | 24252 ||| FLEEEEING.
 24253 | D:4      | 24253 ||| FLEEEEING.
 24273 | D:4      | 24273 ||| FLEEEEING.
 24293 | D:4      | 24293 ||| FLEEEEING.
 24315 | D:4      | 24315 ||| FLEEEEING.
 24316 | D:4      | 24316 ||| FLEEEEING.
 24317 | D:4      | 24317 ||| FLEEEEING.
 24351 | D:4      | 24351 ||| FLEEEEING.
 24371 | D:4      | 24371 ||| FLEEEEING.
 24392 | D:4      | 24392 ||| FLEEEEING.
 24393 | D:4      | 24393 ||| FLEEEEING.
 24429 | D:4      | Glimpsed the power of Zot.
 24430 | D:4      | 24430 ||| FLEEEEING.
 24451 | D:4      | 24451 ||| FLEEEEING.
 24471 | D:4      | 24471 ||| FLEEEEING.
 24492 | D:4      | 24492 ||| FLEEEEING.
 24493 | D:4      | 24493 ||| FLEEEEING.
 24531 | D:4      | 24531 ||| FLEEEEING.
 24551 | D:4      | 24551 ||| FLEEEEING.
 24571 | D:4      | 24571 ||| FLEEEEING.
 24611 | D:4      | 24611 ||| FLEEEEING.
 24631 | D:4      | 24631 ||| FLEEEEING.
 24651 | D:4      | 24651 ||| FLEEEEING.
 24672 | D:4      | 24672 ||| FLEEEEING.
 24673 | D:4      | 24673 ||| FLEEEEING.
 24693 | D:4      | 24693 ||| FLEEEEING.
 24713 | D:4      | 24713 ||| FLEEEEING.
 24734 | D:4      | 24734 ||| FLEEEEING.
 24735 | D:4      | 24735 ||| FLEEEEING.
 24755 | D:4      | 24755 ||| FLEEEEING.
 24775 | D:4      | 24775 ||| FLEEEEING.
 24821 | D:4      | 24821 ||| FLEEEEING.
 24829 | D:4      | Glimpsed the power of Zot.
 24841 | D:4      | 24841 ||| FLEEEEING.
 24861 | D:4      | 24861 ||| FLEEEEING.
 24881 | D:4      | 24881 ||| FLEEEEING.
 24901 | D:4      | 24901 ||| FLEEEEING.
 24928 | D:4      | Touched by the power of Zot.
 24929 | D:4      | Glimpsed the power of Zot.
 24939 | D:4      | 24939 ||| FLEEEEING.
 24959 | D:4      | 24959 ||| FLEEEEING.
 24979 | D:4      | 24979 ||| FLEEEEING.
 24999 | D:4      | 24999 ||| FLEEEEING.
 25019 | D:4      | 25019 ||| FLEEEEING.
 25040 | D:4      | 25040 ||| FLEEEEING.
 25041 | D:4      | 25041 ||| FLEEEEING.
 25061 | D:4      | 25061 ||| FLEEEEING.
 25081 | D:4      | 25081 ||| FLEEEEING.
 25101 | D:4      | 25101 ||| FLEEEEING.
 25121 | D:4      | 25121 ||| FLEEEEING.
 25143 | D:4      | 25143 ||| FLEEEEING.
 25144 | D:4      | 25144 ||| FLEEEEING.
 25195 | D:4      | 25195 ||| FLEEEEING.
 25196 | D:4      | 25196 ||| FLEEEEING.
 25197 | D:4      | 25197 ||| FLEEEEING.
 25198 | D:4      | 25198 ||| FLEEEEING.
 25254 | D:4      | 25254 ||| FLEEEEING.
 25274 | D:4      | 25274 ||| FLEEEEING.
 25295 | D:4      | 25295 ||| FLEEEEING.
 25296 | D:4      | 25296 ||| FLEEEEING.
 25316 | D:4      | 25316 ||| FLEEEEING.
 25336 | D:4      | 25336 ||| FLEEEEING.
 25356 | D:4      | 25356 ||| FLEEEEING.
 25377 | D:4      | 25377 ||| FLEEEEING.
 25378 | D:4      | 25378 ||| FLEEEEING.
 25398 | D:4      | 25398 ||| FLEEEEING.
 25418 | D:4      | 25418 ||| FLEEEEING.
 25429 | D:4      | Glimpsed the power of Zot.
 25438 | D:4      | 25438 ||| FLEEEEING.
 25458 | D:4      | 25458 ||| FLEEEEING.
 25480 | D:4      | 25480 ||| FLEEEEING.
 25481 | D:4      | 25481 ||| FLEEEEING.
 25482 | D:4      | 25482 ||| FLEEEEING.
 25503 | D:4      | 25503 ||| FLEEEEING.
 25504 | D:4      | 25504 ||| FLEEEEING.
 25524 | D:4      | 25524 ||| FLEEEEING.
 25544 | D:4      | 25544 ||| FLEEEEING.
 25565 | D:4      | 25565 ||| FLEEEEING.
 25566 | D:4      | 25566 ||| FLEEEEING.
 25606 | D:4      | 25606 ||| FLEEEEING.
 25607 | D:4      | 25607 ||| FLEEEEING.
 25608 | D:4      | 25608 ||| FLEEEEING.
 25628 | D:4      | 25628 ||| FLEEEEING.
 25648 | D:4      | 25648 ||| FLEEEEING.
 25668 | D:4      | 25668 ||| FLEEEEING.
 25688 | D:4      | 25688 ||| FLEEEEING.
 25708 | D:4      | 25708 ||| FLEEEEING.
 25728 | D:4      | 25728 ||| FLEEEEING.
 25748 | D:4      | 25748 ||| FLEEEEING.
 25768 | D:4      | 25768 ||| FLEEEEING.
 25788 | D:4      | 25788 ||| FLEEEEING.
 25819 | D:4      | 25819 ||| FLEEEEING.
 25820 | D:4      | 25820 ||| FLEEEEING.
 25821 | D:4      | 25821 ||| FLEEEEING.
 25829 | D:4      | Glimpsed the power of Zot.
 25841 | D:4      | 25841 ||| FLEEEEING.
 25862 | D:4      | 25862 ||| FLEEEEING.
 25863 | D:4      | 25863 ||| FLEEEEING.
 25904 | D:4      | 25904 ||| FLEEEEING.
 25924 | D:4      | 25924 ||| FLEEEEING.
 25928 | D:4      | Touched by the power of Zot.
 25929 | D:4      | Glimpsed the power of Zot.
 25945 | D:4      | 25945 ||| FLEEEEING.
 25946 | D:4      | 25946 ||| FLEEEEING.
 25966 | D:4      | 25966 ||| FLEEEEING.
 25986 | D:4      | 25986 ||| FLEEEEING.
 26006 | D:4      | 26006 ||| FLEEEEING.
 26026 | D:4      | 26026 ||| FLEEEEING.
 26046 | D:4      | 26046 ||| FLEEEEING.
 26066 | D:4      | 26066 ||| FLEEEEING.
 26086 | D:4      | 26086 ||| FLEEEEING.
 26106 | D:4      | 26106 ||| FLEEEEING.
 26130 | D:4      | 26130 ||| FLEEEEING.
 26131 | D:4      | 26131 ||| FLEEEEING.
 26132 | D:4      | 26132 ||| FLEEEEING.
 26133 | D:4      | 26133 ||| FLEEEEING.
 26134 | D:4      | 26134 ||| FLEEEEING.
 26209 | D:4      | 26209 ||| FLEEEEING.
 26229 | D:4      | 26229 ||| FLEEEEING.
 26249 | D:4      | 26249 ||| FLEEEEING.
 26293 | D:4      | 26293 ||| FLEEEEING.
 26313 | D:4      | 26313 ||| FLEEEEING.
 26334 | D:4      | 26334 ||| FLEEEEING.
 26335 | D:4      | 26335 ||| FLEEEEING.
 26393 | D:4      | 26393 ||| FLEEEEING.
 26413 | D:4      | 26413 ||| FLEEEEING.
 26429 | D:4      | Glimpsed the power of Zot.
 26433 | D:4      | 26433 ||| FLEEEEING.
 26509 | D:4      | 26509 ||| FLEEEEING.
 26543 | D:4      | 26543 ||| FLEEEEING.
 26563 | D:4      | 26563 ||| FLEEEEING.
 26583 | D:4      | 26583 ||| FLEEEEING.
 26603 | D:4      | 26603 ||| FLEEEEING.
 26644 | D:4      | 26644 ||| FLEEEEING.
 26645 | D:4      | 26645 ||| FLEEEEING.
 26711 | D:4      | 26711 ||| FLEEEEING.
 26712 | D:4      | 26712 ||| FLEEEEING.
 26713 | D:4      | 26713 ||| FLEEEEING.
 26736 | D:4      | 26736 ||| FLEEEEING.
 26737 | D:4      | 26737 ||| FLEEEEING.
 26738 | D:4      | 26738 ||| FLEEEEING.
 26739 | D:4      | 26739 ||| FLEEEEING.
 26809 | D:4      | 26809 ||| FLEEEEING.
 26829 | D:4      | 26829 ||| FLEEEEING.
 26829 | D:4      | Glimpsed the power of Zot.
 26849 | D:4      | 26849 ||| FLEEEEING.
 26869 | D:4      | 26869 ||| FLEEEEING.
 26889 | D:4      | 26889 ||| FLEEEEING.
 26911 | D:4      | 26911 ||| FLEEEEING.
 26912 | D:4      | 26912 ||| FLEEEEING.
 26913 | D:4      | 26913 ||| FLEEEEING.
 26928 | D:4      | Touched by the power of Zot.
 26929 | D:4      | Glimpsed the power of Zot.
 26934 | D:4      | 26934 ||| FLEEEEING.
 26935 | D:4      | 26935 ||| FLEEEEING.
 27020 | D:4      | 27020 ||| FLEEEEING.
 27021 | D:4      | 27021 ||| FLEEEEING.
 27045 | D:4      | 27045 ||| FLEEEEING.
 27046 | D:4      | 27046 ||| FLEEEEING.
 27121 | D:4      | 27121 ||| FLEEEEING.
 27122 | D:4      | 27122 ||| FLEEEEING.
 27123 | D:4      | 27123 ||| FLEEEEING.
 27169 | D:4      | 27169 ||| FLEEEEING.
 27190 | D:4      | 27190 ||| FLEEEEING.
 27191 | D:4      | 27191 ||| FLEEEEING.
 27211 | D:4      | 27211 ||| FLEEEEING.
 27232 | D:4      | 27232 ||| FLEEEEING.
 27233 | D:4      | 27233 ||| FLEEEEING.
 27294 | D:4      | 27294 ||| FLEEEEING.
 27314 | D:4      | 27314 ||| FLEEEEING.
 27394 | D:4      | 27394 ||| FLEEEEING.
 27414 | D:4      | 27414 ||| FLEEEEING.
 27429 | D:4      | Glimpsed the power of Zot.
 27434 | D:4      | 27434 ||| FLEEEEING.
 27494 | D:4      | 27494 ||| FLEEEEING.
 27514 | D:4      | 27514 ||| FLEEEEING.
 27535 | D:4      | 27535 ||| FLEEEEING.
 27536 | D:4      | 27536 ||| FLEEEEING.
 27557 | D:4      | 27557 ||| FLEEEEING.
 27558 | D:4      | 27558 ||| FLEEEEING.
 27578 | D:4      | 27578 ||| FLEEEEING.
 27600 | D:4      | 27600 ||| FLEEEEING.
 27601 | D:4      | 27601 ||| FLEEEEING.
 27602 | D:4      | 27602 ||| FLEEEEING.
 27694 | D:4      | 27694 ||| FLEEEEING.
 27714 | D:4      | 27714 ||| FLEEEEING.
 27734 | D:4      | 27734 ||| FLEEEEING.
 27771 | D:4      | 27771 ||| FLEEEEING.
 27772 | D:4      | 27772 ||| FLEEEEING.
 27773 | D:4      | 27773 ||| FLEEEEING.
 27819 | D:4      | 27819 ||| FLEEEEING.
 27829 | D:4      | Glimpsed the power of Zot.
 27839 | D:4      | 27839 ||| FLEEEEING.
 27859 | D:4      | 27859 ||| FLEEEEING.
 27879 | D:4      | 27879 ||| FLEEEEING.
 27928 | D:4      | Touched by the power of Zot.
 27929 | D:4      | Glimpsed the power of Zot.
 27940 | D:4      | 27940 ||| FLEEEEING.
 27941 | D:4      | 27941 ||| FLEEEEING.
 27962 | D:4      | 27962 ||| FLEEEEING.
 27963 | D:4      | 27963 ||| FLEEEEING.
 27983 | D:4      | 27983 ||| FLEEEEING.
 28004 | D:4      | 28004 ||| FLEEEEING.
 28005 | D:4      | 28005 ||| FLEEEEING.
 28025 | D:4      | 28025 ||| FLEEEEING.
 28045 | D:4      | 28045 ||| FLEEEEING.
 28065 | D:4      | 28065 ||| FLEEEEING.
 28085 | D:4      | 28085 ||| FLEEEEING.
 28105 | D:4      | 28105 ||| FLEEEEING.
 28125 | D:4      | 28125 ||| FLEEEEING.
 28148 | D:4      | 28148 ||| FLEEEEING.
 28149 | D:4      | 28149 ||| FLEEEEING.
 28150 | D:4      | 28150 ||| FLEEEEING.
 28151 | D:4      | 28151 ||| FLEEEEING.
 28171 | D:4      | 28171 ||| FLEEEEING.
 28191 | D:4      | 28191 ||| FLEEEEING.
 28211 | D:4      | 28211 ||| FLEEEEING.
 28231 | D:4      | 28231 ||| FLEEEEING.
 28251 | D:4      | 28251 ||| FLEEEEING.
 28271 | D:4      | 28271 ||| FLEEEEING.
 28292 | D:4      | 28292 ||| FLEEEEING.
 28293 | D:4      | 28293 ||| FLEEEEING.
 28313 | D:4      | 28313 ||| FLEEEEING.
 28333 | D:4      | 28333 ||| FLEEEEING.
 28355 | D:4      | 28355 ||| FLEEEEING.
 28356 | D:4      | 28356 ||| FLEEEEING.
 28357 | D:4      | 28357 ||| FLEEEEING.
 28377 | D:4      | 28377 ||| FLEEEEING.
 28399 | D:4      | 28399 ||| FLEEEEING.
 28400 | D:4      | 28400 ||| FLEEEEING.
 28401 | D:4      | 28401 ||| FLEEEEING.
 28421 | D:4      | 28421 ||| FLEEEEING.
 28429 | D:4      | Glimpsed the power of Zot.
 28441 | D:4      | 28441 ||| FLEEEEING.
 28461 | D:4      | 28461 ||| FLEEEEING.
 28481 | D:4      | 28481 ||| FLEEEEING.
 28501 | D:4      | 28501 ||| FLEEEEING.
 28521 | D:4      | 28521 ||| FLEEEEING.
 28543 | D:4      | 28543 ||| FLEEEEING.
 28544 | D:4      | 28544 ||| FLEEEEING.
 28545 | D:4      | 28545 ||| FLEEEEING.
 28566 | D:4      | 28566 ||| FLEEEEING.
 28567 | D:4      | 28567 ||| FLEEEEING.
 28587 | D:4      | 28587 ||| FLEEEEING.
 28607 | D:4      | 28607 ||| FLEEEEING.
 28628 | D:4      | 28628 ||| FLEEEEING.
 28629 | D:4      | 28629 ||| FLEEEEING.
 28649 | D:4      | 28649 ||| FLEEEEING.
 28669 | D:4      | 28669 ||| FLEEEEING.
 28689 | D:4      | 28689 ||| FLEEEEING.
 28812 | D:4      | 28812 ||| FLEEEEING.
 28829 | D:4      | Glimpsed the power of Zot.
 28833 | D:4      | 28833 ||| FLEEEEING.
 28834 | D:4      | 28834 ||| FLEEEEING.
 28854 | D:4      | 28854 ||| FLEEEEING.
 28874 | D:4      | 28874 ||| FLEEEEING.
 28894 | D:4      | 28894 ||| FLEEEEING.
 28928 | D:4      | Touched by the power of Zot.
 28929 | D:4      | Glimpsed the power of Zot.
 28940 | D:4      | 28940 ||| FLEEEEING.
 28941 | D:4      | 28941 ||| FLEEEEING.
 28961 | D:4      | 28961 ||| FLEEEEING.
 28981 | D:4      | 28981 ||| FLEEEEING.
 29001 | D:4      | 29001 ||| FLEEEEING.
 29149 | D:4      | 29149 ||| FLEEEEING.
 29169 | D:4      | 29169 ||| FLEEEEING.
 29299 | D:4      | 29299 ||| FLEEEEING.
 29320 | D:4      | 29320 ||| FLEEEEING.
 29321 | D:4      | 29321 ||| FLEEEEING.
 29341 | D:4      | 29341 ||| FLEEEEING.
 29362 | D:4      | 29362 ||| FLEEEEING.
 29363 | D:4      | 29363 ||| FLEEEEING.
 29383 | D:4      | 29383 ||| FLEEEEING.
 29403 | D:4      | 29403 ||| FLEEEEING.
 29423 | D:4      | 29423 ||| FLEEEEING.
 29429 | D:4      | Glimpsed the power of Zot.
 29443 | D:4      | 29443 ||| FLEEEEING.
 29463 | D:4      | 29463 ||| FLEEEEING.
 29483 | D:4      | 29483 ||| FLEEEEING.
 29503 | D:4      | 29503 ||| FLEEEEING.
 29599 | D:4      | 29599 ||| FLEEEEING.
 29619 | D:4      | 29619 ||| FLEEEEING.
 29639 | D:4      | 29639 ||| FLEEEEING.
 29659 | D:4      | 29659 ||| FLEEEEING.
 29801 | D:4      | 29801 ||| FLEEEEING.
 29802 | D:4      | 29802 ||| FLEEEEING.
 29803 | D:4      | 29803 ||| FLEEEEING.
 29823 | D:4      | 29823 ||| FLEEEEING.
 29829 | D:4      | Glimpsed the power of Zot.
 29899 | D:4      | 29899 ||| FLEEEEING.
 29919 | D:4      | 29919 ||| FLEEEEING.
 29928 | D:4      | Touched by the power of Zot.
 29929 | D:4      | Glimpsed the power of Zot.
 29940 | D:4      | 29940 ||| FLEEEEING.
 29941 | D:4      | 29941 ||| FLEEEEING.
 29961 | D:4      | 29961 ||| FLEEEEING.
 29981 | D:4      | 29981 ||| FLEEEEING.
 30001 | D:4      | 30001 ||| FLEEEEING.
 30021 | D:4      | 30021 ||| FLEEEEING.
 30041 | D:4      | 30041 ||| FLEEEEING.
 30061 | D:4      | 30061 ||| FLEEEEING.
 30081 | D:4      | 30081 ||| FLEEEEING.
 30101 | D:4      | 30101 ||| FLEEEEING.
 30121 | D:4      | 30121 ||| FLEEEEING.
 30141 | D:4      | 30141 ||| FLEEEEING.
 30162 | D:4      | 30162 ||| FLEEEEING.
 30163 | D:4      | 30163 ||| FLEEEEING.
 30183 | D:4      | 30183 ||| FLEEEEING.
 30203 | D:4      | 30203 ||| FLEEEEING.
 30223 | D:4      | 30223 ||| FLEEEEING.
 30243 | D:4      | 30243 ||| FLEEEEING.
 30263 | D:4      | 30263 ||| FLEEEEING.
 30283 | D:4      | 30283 ||| FLEEEEING.
 30304 | D:4      | 30304 ||| FLEEEEING.
 30305 | D:4      | 30305 ||| FLEEEEING.
 30326 | D:4      | 30326 ||| FLEEEEING.
 30327 | D:4      | 30327 ||| FLEEEEING.
 30347 | D:4      | 30347 ||| FLEEEEING.
 30367 | D:4      | 30367 ||| FLEEEEING.
 30429 | D:4      | Glimpsed the power of Zot.
 30459 | D:4      | 30459 ||| FLEEEEING.
 30460 | D:4      | 30460 ||| FLEEEEING.
 30480 | D:4      | 30480 ||| FLEEEEING.
 30501 | D:4      | 30501 ||| FLEEEEING.
 30502 | D:4      | 30502 ||| FLEEEEING.
 30659 | D:4      | 30659 ||| FLEEEEING.
 30660 | D:4      | 30660 ||| FLEEEEING.
 30759 | D:4      | 30759 ||| FLEEEEING.
 30760 | D:4      | 30760 ||| FLEEEEING.
 30780 | D:4      | 30780 ||| FLEEEEING.
 30800 | D:4      | 30800 ||| FLEEEEING.
 30821 | D:4      | 30821 ||| FLEEEEING.
 30822 | D:4      | 30822 ||| FLEEEEING.
 30829 | D:4      | Glimpsed the power of Zot.
 30844 | D:4      | 30844 ||| FLEEEEING.
 30845 | D:4      | 30845 ||| FLEEEEING.
 30846 | D:4      | 30846 ||| FLEEEEING.
 30867 | D:4      | 30867 ||| FLEEEEING.
 30868 | D:4      | 30868 ||| FLEEEEING.
 30890 | D:4      | 30890 ||| FLEEEEING.
 30891 | D:4      | 30891 ||| FLEEEEING.
 30892 | D:4      | 30892 ||| FLEEEEING.
 30912 | D:4      | 30912 ||| FLEEEEING.
 30928 | D:4      | Touched by the power of Zot.
 30929 | D:4      | Quit the game

Levels and vault maps discovered:
D:1:      onia_arrival_handbag, layout_rooms, serial_shops, nicolae_square_shop,
          basic_ecumenical_altar, minmay_liquid_box, minmay_tetromino_i4
D:2:      layout_rooms, kennysheep_decorative_pillar, hangedman_feature_mirror,
          uniq_jessica
D:3:      layout_basic, grunt_qazlal_sundering, uniq_natasha
D:4:      layout_cave_pods, kennysheep_okawaru_gauntlet,
          minmay_temple_entry_hall, serial_shops, kennysheep_mini_moat

Skill      XL: |  1  2  3  4  5  6 |
---------------+-------------------+-----
Axes           | 2 3 4 5 |  5.5
Fighting       | 4 |  4.2
Dodging        | 1 |  1.0
Armour         | |  3.2
Shields        | |  3.2

Action                   |  1- 3 |  4- 6 || total
-------------------------+-------+-------++-------
Melee: War axe           |    79 |   123 ||   202
Throw: Boomerang         |     6 |    47 ||    53
  Use: Scroll            |     3 |     3 ||     6
       Potion            |       |     1 ||     1
Armor: Scale mail        |    32 |  1022 ||  1054
Dodge: Dodged            |    29 |   663 ||   692
Block: Buckler           |    21 |   353 ||   374

Table legend:
 A = Non-vault XP
 B = Vault XP
 C = Vault XP percentage of total XP
 D = Non-vault monster count
 E = Vault monster count
 F = Vault count percentage of total count
                 A         B        C        D         E       F
            +---------+---------+-------+---------+---------+-------
      Total |     419 |      84 |  16.7 |      66 |       9 |  12.0
            +---------+---------+-------+---------+---------+-------
        D:1 |      33 |      11 |  25.0 |      20 |       7 |  25.9
        D:2 |      58 |      37 |  38.9 |      19 |       1 |   5.0
        D:3 |     218 |      36 |  14.2 |      16 |       1 |   5.9
        D:4 |     110 |       0 |   0.0 |      11 |       0 |   0.0
            +---------+---------+-------+---------+---------+-------
